 Dungeon Crawl Stone Soup version 0.32-a0-871-ge202e49 (webtiles) character file.

Game seed: 3779517721495997486

13561946 ksj2083 the Middleweight Champion (level 27, 273/273 HPs)
             Began as a White Draconian Shapeshifter on Mar 29, 2024.
             Was the Champion of the Shining One.
             Escaped with the Orb
             ... and 15 runes!
             The game lasted 07:19:01 (117788 turns).

ksj2083 the Middleweight Champion (DrSh)          Turns: 117788, Time: 07:19:02

Health: 273/273    AC: 15    Str: 26    XL:     27
Magic:  34/34      EV: 50    Int: 20    God:    the Shining One [******]
Gold:   7590       SH:  0    Dex: 13    Spells: 24/71 levels left

rFire   + .          .
                       - Unarmed
rCold   + + .        (shield currently unavailable)
rNeg    + + +        (body armour unavailable)
rPois   ∞            (helmet currently unavailable)
rElec   +            (cloak currently unavailable)
rCorr   +            (gloves currently unavailable)
SInv    .            (boots currently unavailable)
Will    +++..        h - amulet of faith
Stlth   +            I - ring "Nyqomuimp" {rC+ Will+}
HPRegen 0.65/turn    N - ring of Coastig {rF+ rC+ rCorr}
MPRegen 0.24/turn

%: faith
@: storm-form, flying, glowing, studying 2 skills
A: cleaving, insubstantial, flying, (glacial breath), AC +13, unfitting armour,
(cold resistance 2), (cold-blooded), clumsy 1, (fire resistance 1), low MP 3,
mutation resistance 1, teleportitis 1
0: Orb of Zot
}: 15/15 runes: decaying, slimy, silver, golden, iron, obsidian, icy, bone,
abyssal, demonic, glowing, magical, fiery, dark, gossamer
a: Blinkbolt, Begin Untransformation, Renounce Religion, Divine Shield,
Cleansing Flame, Summon Divine Warrior, Brand Weapon With Holy Wrath


You escaped.
You worshipped the Shining One.
The Shining One was exalted by your worship.
You were a lightning-filled tempest!
You visited 18 branches of the dungeon, and saw 88 of its levels.
You visited Pandemonium 1 time, and saw 16 of its levels.
You visited the Abyss 3 times.
You visited 2 bazaars.
You also visited: Gauntlet and Wizlab.

You collected 37144 gold pieces.
You spent 10347 gold pieces at shops.
You paid 19207 gold pieces to Gozag.

Inventory:

Hand Weapons
 m - the +13 sceptre of Asmodeus
   (You took it off Asmodeus on level 7 of Gehenna)

   Fire Summon: It may summon demons of flame and damnation when striking foes.
   The Shining One disapproves of the use of such an item.
Missiles
 w - a throwing net {!f}
Magical Staves
 g - the staff of the Fulmar {rPois Int+2 Dex+3 Conj Alchemy}
   (You found it on level 7 of Gehenna)

   [staff of alchemy]

   Base accuracy: +5 Base damage: 5 Base attack delay: 1.2 This weapon's minimum
   attack delay (0.6) is reached at skill level 12.
   Int+2:     It affects your intelligence (+2).
   Dex+3:     It affects your dexterity (+3).
   rPois:     It protects you from poison.
   Conj:      It increases the power of your Conjurations spells.
   Alchemy:   It increases the power of your Alchemy spells.
   It falls into the 'Staves' category.
   It is a one-handed weapon.
 x - the staff of Doom {rElec rPois Necro Alchemy}
   (You found it on level 7 of Cocytus)

   [staff of alchemy]

   Base accuracy: +5 Base damage: 5 Base attack delay: 1.2 This weapon's minimum
   attack delay (0.6) is reached at skill level 12.
   rElec:     It insulates you from electricity.
   rPois:     It protects you from poison.
   Necro:     It increases the power of your Necromancy spells.
   Alchemy:   It increases the power of your Alchemy spells.
   It falls into the 'Staves' category.
   It is a one-handed weapon.
Jewellery
 e - the ring of the Scavenger {rF- rC+ Will+ rCorr SInv}
   (You found it on level 3 of the Crypt)

   [ring of see invisible]

   rF-:       It makes you vulnerable to fire.
   rC+:       It protects you from cold.
   Will+:     It increases your willpower.
   SInv:      It lets you see invisible.
   rCorr:     It protects you from acid and corrosion.
 f - the amulet of Qili {-Tele rPois Regen+ Str-5 Slay+5}
   (You found it on level 7 of Gehenna)

   [amulet of regeneration]

   Str-5:     It affects your strength (-5).
   Slay+5:    It affects your accuracy & damage with ranged weapons and melee
   (+5).
   rPois:     It protects you from poison.
   -Tele:     It prevents most forms of teleportation.
   Regen+:    It increases your rate of health regeneration.
 h - an amulet of faith (around neck)
 p - the ring "Nistra" {rPois Will+ Int+4}
   (You found it on level 3 of the Depths)

   [ring of willpower]

   Int+4:     It affects your intelligence (+4).
   rPois:     It protects you from poison.
   Will+:     It increases your willpower.
 q - the ring "Noqiem" {Fly rN+ Dex+2}
   (You found it on level 5 of the Pits of Slime)

   [ring of flight]

   Dex+2:     It affects your dexterity (+2).
   rN+:       It protects you from negative energy.
   Fly:       It grants you flight.
 s - the ring of Eraguipn {^Drain Fly rElec rF++}
   (You took it off a deep elf demonologist on level 3 of the Elven Halls)

   [ring of flight]

   rF++:      It greatly protects you from fire.
   rElec:     It insulates you from electricity.
   Fly:       It grants you flight.
   ^Drain:    It drains your maximum health when unequipped.
 y - the ring of Neppyor {Fly Dex+4}
   (You found it on level 7 of the Iron City of Dis)

   [ring of flight]

   Dex+4:     It affects your dexterity (+4).
   Fly:       It grants you flight.
 I - the ring "Nyqomuimp" (left fist) {rC+ Will+}
   (You found it in Pandemonium)

   [ring of willpower]

   rC+:       It protects you from cold.
   Will+:     It increases your willpower.
 K - the ring "Jece" {Fly Dex+6 Slay+3}
   (You bought it in a shop on level 4 of the Spider Nest)

   [ring of dexterity]

   Dex+6:     It affects your dexterity (+6).
   Slay+3:    It affects your accuracy & damage with ranged weapons and melee
   (+3).
   Fly:       It grants you flight.
 M - a +6 ring of intelligence
 N - the ring of Coastig (right fist) {rF+ rC+ rCorr}
   (You took it off a deep elf demonologist on level 3 of the Elven Halls)

   [ring of protection from fire]

   rF+:       It protects you from fire.
   rC+:       It protects you from cold.
   rCorr:     It protects you from acid and corrosion.
 O - an amulet of regeneration
 X - a +6 ring of intelligence
Talismans
 c - the storm talisman of the Thistle (active) {Str+4 Int+5}
   (You bought it in a shop on level 1 of the Elven Halls)

   [storm talisman]

   Str+4:     It affects your strength (+4).
   Int+5:     It affects your intelligence (+5).
 i - a dragon-blood talisman
 Q - a granite talisman
Scrolls
 k - 7 scrolls of summoning
 o - 26 scrolls of teleportation
 r - 12 scrolls of immolation
 u - 11 scrolls of fear
 v - 50 scrolls of identify
 z - 4 scrolls of silence
 A - 7 scrolls of fog
 E - 8 scrolls of enchant armour
 H - 8 scrolls of amnesia
 R - 14 scrolls of poison
 S - 7 scrolls of revelation
 V - 5 scrolls of blinking
Potions
 a - a potion of cancellation
 b - 5 potions of mutation
 d - 8 potions of invisibility
 j - a potion of heal wounds
 n - 39 potions of curing
 t - 17 potions of brilliance
 B - 11 potions of ambrosia
 C - 8 potions of magic
 D - 14 potions of lignification
 F - 5 potions of might
 G - 3 potions of resistance
 J - 7 potions of berserk rage
 L - 5 potions of enlightenment
 U - 14 potions of attraction
 W - 9 potions of haste
Miscellaneous
 l - a phial of floods
 P - a phantom mirror
 T - a box of beasts


   Skills:
 O Level 27 Fighting
 + Level 25.5 Dodging
 - Level 16.0 Shields
 O Level 27 Unarmed Combat
 + Level 22.5 Spellcasting
 - Level 15.5 Hexes
 O Level 27 Ice Magic
 - Level 4.0 Air Magic
 * Level 12.9 Earth Magic
 O Level 27 Invocations
 - Level 5.0 Evocations
 O Level 27 Shapeshifting


You had 24 spell levels left.
You knew the following spells:

 Your Spells              Type           Power      Damage    Failure   Level
a - Lesser Beckoning      Tloc           44%        N/A       3%          2
b - Silence               Hex/Air        28%        N/A       1%          5
c - Cause Fear            Hex            35%        N/A       1%          4
d - Enfeeble              Hex            35%        N/A       2%          7
e - Yara's Violent Unrav  Hex/Alch       26%        3d11      2%          5
f - Polar Vortex          Ice            46%        12d6*     3%          9
g - Permafrost Eruption   Ice/Erth       40%        2x4d12    1%          6
h - Shatter               Erth           32%        3d26*     100%        9

Your spell library contained the following spells:

 Spells                   Type           Power      Damage    Failure   Level
 Freeze                   Ice            100%       1d10      0%          1
 Sandblast                Erth           100%       2d20      0%          1
 Slow                     Hex            100%       N/A       0%          1
 Ensorcelled Hibernation  Hex/Ice        100%       N/A       0%          2
 Jinxbite                 Hex            100%       N/A       0%          2
 Confusing Touch          Hex            71%        N/A       0%          3
 Frozen Ramparts          Ice            100%       1d16      0%          3
 Ozocubu's Armour         Ice            92%        N/A       0%          3
 Sigil of Binding         Hex            71%        N/A       0%          3
 Tukima's Dance           Hex            71%        N/A       0%          3
 Metabolic Englaciation   Hex/Ice        41%        N/A       0%          5
 Apportation              Tloc           44%        N/A       1%          1
 Foxfire                  Conj/Fire      88%        2x1d8     1%          1
 Kiss of Death            Conj/Necr      88%        2d12      1%          1
 Necrotise                Necr           88%        1d8       1%          1
 Sting                    Conj/Alch      88%        1d8       1%          1
 Summon Small Mammal      Summ           88%        N/A       1%          1
 Cigotuvi's Dreadful Rot  Necr/Alch/Air  54%        N/A       1%          2
 Mercury Vapours          Alch/Air       60%        N/A       1%          2
 Dazzling Flash           Conj/Hex       100%       N/A       1%          3
 Hailstorm                Conj/Ice       66%        3d12      1%          3
 Inner Flame              Hex/Fire       52%        N/A       1%          3
 Stone Arrow              Conj/Erth      96%        3d13      1%          3
 Summon Ice Beast         Ice/Summ       66%        N/A       1%          3
 Anguish                  Hex/Necr       26%        N/A       1%          4
 Brom's Barrelling Bould  Conj/Erth      48%        2d7       1%          4
 Dimensional Bullseye     Hex/Tloc       26%        N/A       1%          4
 Leda's Liquefaction      Alch/Erth      24%        N/A       1%          4
 Freezing Cloud           Conj/Ice/Air   29%        6-21      1%          5
 Lee's Rapid Deconstruct  Erth           32%        3d17*     1%          5
 Sculpt Simulacrum        Ice/Alch       33%        N/A       1%          6
 Ozocubu's Refrigeration  Ice            46%        4d17      1%          7
 Summon Mana Viper        Hex/Summ       52%        N/A       2%          5
 Call Imp                 Summ           44%        N/A       3%          2
 Scorch                   Fire           44%        2d6       3%          2
 Mephitic Cloud           Conj/Alch/Air  27%        N/A       3%          3
 Borgnjor's Vile Clutch   Necr/Erth      24%        N/A       3%          5
 Call Canine Familiar     Summ           22%        N/A       6%          3
 Fugue of the Fallen      Necr           22%        N/A       6%          3
 Teleport Other           Tloc           22%        N/A       6%          3
 Vampiric Draining        Necr           22%        2d7       6%          3
 Volatile Blastmotes      Fire/Tloc      44%        2d13      6%          3
 Summon Lightning Spire   Summ/Air       30%        N/A       9%          4
 Animate Dead             Necr           22%        N/A       19%         4
 Dispel Undead            Necr           22%        3d12      19%         4
 Flame Wave               Conj/Fire      22%        2d8       19%         4
 Fulminant Prism          Conj/Alch      11%        3d9       19%         4
 Ignite Poison            Fire/Alch      22%        N/A       19%         4
 Iskenderun's Mystic Bla Conj/Tloc 22%            2d6        (+2d3     19%         4
 Martyr's Knell           Necr/Summ      22%        N/A       19%         4
 Maxwell's Portable Pile  Tloc           22%        2d(8-16)  19%         4
 Passage of Golubria      Tloc           22%        N/A       19%         4
 Sticky Flame             Fire/Alch      22%        2d6       19%         4
 Summon Blazeheart Golem  Fire/Summ      22%        N/A       19%         4
 Alistair's Intoxication  Alch           14%        N/A       47%         5
 Curse of Agony           Necr           22%        N/A       47%         5
 Fireball                 Conj/Fire      11%        3d7       47%         5
 Irradiate                Conj/Alch      11%        3d15      47%         5
 Iskenderun's Battlesphe  Conj           22%        2d8       47%         5
 Summon Forest            Summ/Tloc      11%        N/A       47%         5
 Conjure Ball Lightning   Conj/Air       15%        3x3d6     78%         6
 Plasma Beam              Fire/Air       15%        2x1d26    78%         6
 Death Channel            Necr           11%        N/A       96%         6
 Dispersal                Tloc           11%        N/A       96%         6
 Eringya's Noxious Bog    Alch           11%        4d6       96%         6
 Gell's Gavotte           Tloc           11%        2d(16-23) 96%         6
 Starburst                Conj/Fire      11%        6d5       96%         6
 Summon Cactus Giant      Summ           11%        N/A       96%         6
 Haunt                    Necr/Summ      11%        N/A       100%        7
 Malign Gateway           Summ/Tloc      11%        N/A       100%        7
 Manifold Assault         Tloc           11%        N/A       100%        7
 Orb of Destruction       Conj           11%        9d6       100%        7
 Spellforged Servitor     Conj/Summ      11%        N/A       100%        7
 Summon Hydra             Summ           11%        N/A       100%        7
 Borgnjor's Revivificati  Necr           11%        N/A       100%        8
 Disjunction              Tloc           11%        N/A       100%        8
 Ignition                 Fire           11%        3d5       100%        8
 Lehudib's Crystal Spear  Conj/Erth      24%        10d7      100%        8
 Summon Horrible Things   Summ           11%        N/A       100%        8
 Chain Lightning          Conj/Air       15%        3d20      100%        9
 Death's Door             Necr           11%        N/A       100%        9
 Dragon's Call            Summ           11%        N/A       100%        9
 Fire Storm               Conj/Fire      11%        8d3       100%        9
 Animate Armour           Summ/Erth      Unusable   N/A       N/A         4
 Sublimation of Blood     Necr           Unusable   N/A       N/A         2

Dungeon Overview and Level Annotations

Branches:
Dungeon (15/15)            Temple (1/1) D:4            Lair (5/5) D:10
  Swamp (4/4) Lair:2       Spider (4/4) Lair:3        Slime (5/5) Lair:4
    Orc (2/2) D:11            Elf (3/3) Orc:2        Vaults (5/5) D:13
  Crypt (3/3) Vaults:2       Tomb (3/3) Crypt:3      Depths (4/4) D:15
   Hell (visited)             Dis (7/7) Hell            Geh (7/7) Hell
    Coc (7/7) Hell            Tar (7/7) Hell            Zot (5/5) Depths:4
 WizLab (visited)         Gauntlet (visited)

Altars:
Ashenzari
Cheibriados
Dithmenos
Elyvilon
Fedhas
Gozag
Hepliaklqana
Kikubaaqudgha
Makhleb
Nemelex Xobeh
Okawaru
Qazlal
Ru
Sif Muna
Trog
Uskayaw
Vehumet
Wu Jian
Xom
Yredelemnul
Zin
The Shining One
Beogh

Shops:
D:8 *   D:9 [   D:15 (   Orc:1 [?   Orc:2 ?[::   Elf:1 ((=   Lair:2 =
Lair:5 *   Spider:4 *?   Vaults:1 *   Vaults:4 ?   Vaults:5 **   Zot:5 ??
Depths:1 ::=   Depths:4 [?*

Portals:
Hell: Depths:1 Depths:2 Depths:3 Depths:4
Abyss: Lair:2 Depths:3
Pandemonium: Depths:2 Depths:3 Depths:4
Ziggurat: Depths:4

Annotations:
Spider:2 Lakky's ghost, journeyman DsFi


Innate Abilities, Weirdness & Mutations

You are a lightning-filled tempest!
Your electrical attacks strike out in all directions at once.
You are incredibly evasive.
Your insubstantial body is immune to petrification, constriction, and being set on fire You are flying.
Your armour is entirely melded.
You are incapable of wielding weapons or throwing items.
((You can breathe waves of cold which freeze foes solid.))
((Your icy white scales are hard. (AC +13)))
You cannot fit into any form of body armour.
You are immune to poison.
((Your flesh is very cold resistant. (rC++)))
((You are cold-blooded and may be slowed by cold attacks.))
You are clumsy. (Dex -2)
((Your flesh is heat resistant. (rF+)))
Your magical capacity is extremely low. (-30% MP)
You are somewhat resistant to further mutation.
You are occasionally teleported next to monsters.


Message History

You feel yourself slow down.
You blast the blizzard demon!!!!
You kill the blizzard demon!
The Shining One accepts your kill.
No target in view!
There is an open gate here.
An Executioner comes into view.
The Executioner gestures.
The Executioner seems to speed up.
The Executioner completely misses you. x4; The Executioner barely misses you.
The Executioner misses you.
The Executioner completely misses you. x3
You blast the Executioner!!!!!
You kill the Executioner!
The Shining One accepts your kill.
No target in view!
A profane servitor comes into view. It is wielding a +2 whip.
You miss the profane servitor. Your punch misses the profane servitor.
You batter the profane servitor!!
The profane servitor is lightly damaged.
You miss the profane servitor. Your punch misses the profane servitor.
The profane servitor is lightly damaged.
The profane servitor completely misses you.
The profane servitor misses you.
You blast the profane servitor!!!!
Your punch misses the profane servitor.
The profane servitor is severely damaged.
The profane servitor completely misses you.
The profane servitor hits you with a +2 whip.
You closely miss the profane servitor. Your punch misses the profane servitor.
The profane servitor is severely damaged.
The profane servitor completely misses you.
The profane servitor misses you.
You closely miss the profane servitor.
The profane servitor is severely damaged.
You blast the profane servitor!!!
You destroy the profane servitor!
The Shining One accepts your kill.
You feel better.
There is a staircase leading out of the dungeon here.
You can't go down here!
You have escaped!

♣♣..##........#.#
♣♣...#########[#.#
♣....# #......
♣♣....## #...#.#
♣......## #......
♣.......## #......
♣.ß..ß.(ß####......
♣♣........'.##..÷...
♣..v..)...'.........
♣♣.......['.###.....
♣.ß..ß..ß### #.....
♣♣......## #.....
♣.....## #.....
♣♣...## #..... ♣...#
###### ♣...# ♣...#


There were no monsters in sight!

Vanquished Creatures
  Cerebov (Pan)
  Antaeus (Coc:7)
  Asmodeus (Geh:7)
  the Royal Jelly (Slime:5)
  Ereshkigal (Tar:7)
  Ignacio (Pan)
  Gloorx Vloq (Pan)
  Mnoleg (Pan)
  Lom Lobon (Pan)
  the Serpent of Hell (Geh:7)
  Dispater (Dis:7)
  5 dread liches
  6 ancient liches
  3 orbs of fire
  The ghost of Hoatu the Wrestler, a master TrFi of Okawaru (Zot:5)
  5 juggernauts
  Josephina (Zot:2)
  8 royal mummies
  Boris (thrice) (Depths:1 Crypt:2 Crypt:3)
  The ghost of Teduw the Impregnable, a veteran MiGl of Hepliaklqana (Crypt:2)
  Vv (Zot:2)
  The ghost of Soymp the Crack Shot, a veteran FoHu of Okawaru (Vaults:3)
  Bai Suzhen (Swamp:3)
  27 shard shrikes
  7 Killer Klowns
  8 caustic shrikes
  Saint Roka (Vaults:2)
  A curse toe (Zot:1)
  Geryon (Hell)
  Nikola (Swamp:3)
  Jory (Depths:3)
  7 golden dragons
  Arachne (Spider:3)
  A Hellbinder (WizLab)
  15 profane servitors
  6 doom hounds
  9 pandemonium lords
  24 bone dragons
  31 Tzitzimimeh
  A shard shrike zombie (Abyss:3)
  6 spectral shard shrikes
  14 iron giants
  2 electric golems (Zot:5)
  16 Brimstone Fiends
  18 tentacled monstrosities
  5 hellephants
  17 Orb Guardians
  7 liches
  24 Ice Fiends
  22 Hell Sentinels
  9 sphinxes
  6 deep elf blademasters
  2 deep elf master archers (Elf:3)
  16 titans
  4 walking frostbound tomes
  2 walking earthen tomes (Zot:2)
  15 acid blobs
  26 tainted leviathans
  36 ancient champions
  8 quicksilver dragons
  Gastronok (D:10)
  A walking divine tome (Depths:3)
  2 eldritch tentacles (Pan)
  32 Executioners
  9 death cobs
  17 searing wretches
  The ghost of 9stopf the Warrior, an adept FoWr of Cheibriados (Elf:3)
  Kirke (Lair:4)
  9 shadow dragons
  8 tentacled starspawn
  3 thorn hunters
  Donald (Vaults:3)
  15 storm dragons
  13 revenants
  Aizul (Vaults:1)
  6 tengu reavers
  11 rockslimes
  12 narguns
  7 draconian monks
  29 fire giants
  12 azure jellies
  2 nagarajas (Pan)
  7 protean progenitors
  5 draconian knights
  14 demonspawn warmongers (Pan)
  7 draconian shifters
  7 deep elf sorcerers
  A spectral caustic shrike (Tar:5)
  Louise (D:15)
  13 iron dragons
  5 emperor scorpions
  9 quicksilver elementals
  5 ghost moths
  69 balrugs
  11 frost giants
  4 spectral juggernauts
  4 ghouls
  2 curse skulls (Pan)
  The ghost of Kaybabei the Covert, a journeyman DsBr of Dithmenos (Swamp:2)
  10 shard shrike simulacra
  3 deep elf elementalists
  15 vault wardens
  39 reapers
  3 draconian stormcallers
  3 caustic shrike skeletons (Pan)
  3 orc warlords
  3 draconian scorchers
  2 spriggan defenders (Depths:3)
  3 broodmothers
  4 caustic shrike zombies
  18 demonspawn corrupters
  The ghost of ooops the Carver, a journeyman CoCK of Xom (Spider:1)
  5 draconian annihilators
  27 cacodemons
  11 quicksilver oozes
  12 formless jellyfish
  11 stone giants
  15 ironbound preservers
  31 very ugly things
  7 green draconians
  8 juggernaut skeletons
  7 vampire knights
  7 demonspawn blood saints (Pan)
  14 demonspawn black suns (Pan)
  10 ironbound thunderhulks
  10 putrid mouths
  6 bennus
  5 eleionomae
  2 spectral titans
  7 deep elf demonologists
  47 war gargoyles
  16 deep elf death magi
  10 red draconians
  9 yellow draconians
  11 deep elf annihilators
  22 elemental wellsprings
  The ghost of Rosipt the Eclecticist, a journeyman DjEE of Xom (Lair:2)
  4 black draconians
  24 lorocyprocas
  7 purple draconians
  6 white draconians
  A minotaur (Gauntlet)
  9 dire elephants
  4 spark wasps
  9 eidola
  31 wendigos
  Azrael (Elf:1)
  25 iron golems
  Snorg (D:12)
  7 bunyips
  25 ettins
  23 blizzard demons
  22 green deaths
  The ghost of Kaofanam the Nimble, a journeyman DjFE of Makhleb (D:12)
  7 jiangshi
  5 spectral spriggans
  9 mummy priests
  12 yaktaur captains
  2 deep elf high priests
  A quicksilver dragon zombie (Depths:2)
  3 spectral golden dragons (Depths:3)
  9 entropy weavers
  2 shambling mangroves (Swamp:4)
  5 spriggan zombies
  The ghost of ImOTab the Fighter, a novice OnMo (D:8)
  9 great orbs of eyes
  2 spectral iron giants (Tar:5)
  A quicksilver dragon skeleton (Crypt:3)
  A spectral shadow dragon (Zot:5)
  10 rakshasas
  30 vault guards
  10 fire dragons
  14 caustic shrike simulacra
  15 hell beasts
  8 jorogumos
  4 radroaches
  9 salamander tyrants
  3 spectral tengu
  27 hydras
  4 spriggan air magi
  5 spriggan skeletons
  A peacekeeper (Vaults:1)
  A sphinx zombie (Depths:2)
  The ghost of Sojobo the Devastator, a journeyman TeCj of Vehumet (Lair:1)
  11 ice dragons
  4 catoblepae
  3 ghost crabs
  17 juggernaut simulacra
  25 stokers
  6 ogre magi
  An anaconda (Lair:1)
  2 spectral frost giants (Depths:2)
  31 dancing weapons
  15 centaur warriors
  7 alligators
  A two-headed ogre (shapeshifter) (D:13)
  7 ironbound frosthearts
  13 deep troll shamans
  68 death scarabs
  5 death knights
  11 tengu warriors
  6 two-headed ogres
  2 fenstrider witch skeletons
  Urug (Lair:2)
  49 hell hogs
  The ghost of Coo1 the Arsonist, a novice MDFE of Beogh (D:11)
  12 orc high priests
  4 spriggan berserkers
  16 boulder beetles
  3 occultists
  7 deep troll earth magi
  16 demonic crawlers
  13 thrashing horrors
  A sphinx skeleton (Depths:3)
  16 vampire magi
  4 hell knights (Depths:1)
  A spectral dire elephant (Tar:7)
  98 sun demons
  8 wretched stars
  A storm dragon zombie (Depths:2)
  9 crystal echidnas
  24 deep elf knights
  6 hellephant skeletons (Pan)
  A spectral storm dragon (Zot:5)
  A spectral green draconian (Zot:5)
  A spectral bunyip (Tar:2)
  23 sixfirhies
  A skyshark (Lair:5)
  47 soul eaters
  2 spatial maelstroms (Abyss:5)
  The ghost of Abbadon the Protected, a novice GnWn of Nemelex Xobeh (D:7)
  A storm dragon skeleton (Crypt:3)
  Amaemon (Lair:2)
  6 pharaoh ants
  2 spectral ghost moths (Zot:5)
  8 goliath frogs
  3 titan skeletons
  10 iron trolls
  62 deep trolls
  5 glowing orange brains
  33 shadow wraiths
  49 skeletal warriors
  2 spriggan druids (Swamp:3)
  4 quicksilver dragon simulacra
  7 sun moths
  11 orb spiders
  43 large abominations
  3 sea snakes (shapeshifter)
  24 shadow demons
  10 flayed ghosts
  A spectral anaconda (Tar:3)
  A shadow dragon zombie (Depths:2)
  9 deep elf archers
  2 mana vipers (Pan)
  7 arcanists
  An anaconda zombie (Abyss:2)
  9 spriggan simulacra
  2 orange crystal statues
  2 harpies (shapeshifter)
  2 golden dragon skeletons (Depths:3)
  12 swamp dragons
  A fenstrider witch simulacrum (Hell)
  A bunyip skeleton (Crypt:3)
  A steelbarb worm (Spider:2)
  12 lindwurms
  10 harpies
  19 ironbound convokers
  7 bog bodies
  16 orc knights
  26 deep elf pyromancers
  20 necromancers
  A spectral hydra (Tar:1)
  15 phantasmal warriors
  2 spectral iron dragons
  16 starcursed masses
  8 thermic dynamos
  6 shining eyes
  A broodmother zombie (Crypt:1)
  3 tengu skeletons
  4 manticores
  21 deep elf zephyrmancers
  Maurice (D:9)
  An oklob plant (Lair:1)
  52 ugly things
  24 wolf spiders
  2 orc sorcerers
  A frost giant zombie (Crypt:1)
  A manticore (shapeshifter) (D:15)
  11 will-o-the-wisps
  13 rust devils
  24 moths of wrath
  A spectral centaur (Tar:2)
  2 spectral ettins
  A moth of wrath (shapeshifter) (Vaults:5)
  10 cyclopes
  A frost giant skeleton (Depths:2)
  An apocalypse crab (Abyss:2)
  18 vault sentinels
  A meliai (shapeshifter) (Vaults:5)
  A meliai (D:11)
  7 titan simulacra
  2 kobold blastminers (Orc:2)
  5 ice statues (Pan)
  4 eyes of devastation
  4 Executioner simulacra (Pan)
  7 black mambas
  26 orange demons
  24 elephants
  7 cane toads
  47 smoke demons
  A naga zombie (Crypt:3)
  4 naga skeletons
  9 molten gargoyles
  4 torpor snails
  4 dire elephant skeletons (Crypt:3)
  3 storm dragon simulacra
  5 centaur skeletons
  A minotaur zombie (Gauntlet)
  35 hellions
  3 rime drakes (Lair:3)
  A cane toad (shapeshifter) (D:13)
  26 yaktaurs
  7 gargoyles
  8 efreet
  22 freezing wraiths
  Psyche (D:8)
  A kobold demonologist (D:9)
  23 tormentors
  11 ice devils
  11 komodo dragons
  A komodo dragon (shapeshifter) (Elf:3)
  5 unseen horrors (Tar:7)
  A bunyip simulacrum (Hell)
  A white draconian zombie (Crypt:2)
  34 guardian mummies
  A spark wasp simulacrum (Depths:2)
  A spectral human (Depths:2)
  A ghost moth simulacrum (Zot:2)
  6 anaconda simulacra
  A yellow draconian skeleton (Crypt:2)
  An unseen horror skeleton (Crypt:3)
  5 ancient zymes
  An alligator snapping turtle skeleton (Crypt:3)
  2 spectral harpies
  8 golden dragon simulacra
  8 red devils
  6 polar bears
  4 iron giant simulacra
  2 spectral moths of wrath (Zot:5)
  3 spectral nagas (Tar:5)
  3 tengu conjurers
  5 trolls
  2 bloated husks (Swamp:1)
  28 hellwings
  A queen bee (D:11)
  7 tyrant leeches
  3 silent spectres
  A harpy zombie (Crypt:2)
  25 hornets
  10 human skeletons
  A hydra skeleton (Crypt:2)
  An ice dragon zombie (Crypt:2)
  A tarantella (shapeshifter) (D:12)
  20 tarantellas
  18 blink frogs
  6 harpy skeletons
  3 glass eyes
  2 raiju (shapeshifter)
  A tengu simulacrum (Depths:3)
  3 raiju (Abyss:2)
  2 iron dragon simulacra
  A draconian simulacrum (Zot:5)
  A black mamba zombie (Crypt:2)
  2 culicivoras (shapeshifter)
  14 spriggans
  5 stone giant simulacra
  35 jumping spiders
  12 dire elephant simulacra
  4 shadows
  3 water elementals
  19 culicivoras
  2 centaur simulacra
  120 slime creatures
  24 ynoxinuls
  12 wraiths
  7 wyverns
  A fire dragon skeleton (Crypt:1)
  2 air elementals (Elf:2)
  5 naga simulacra
  6 fire bats
  9 ushabtiu
  2 yaks (shapeshifter)
  2 golden eyes (shapeshifter)
  3 ettin skeletons
  A tyrant leech zombie (Crypt:2)
  51 yaks
  4 vampires
  An ice dragon skeleton (Crypt:3)
  3 elves (Elf:1)
  6 golden eyes
  8 steam dragons
  10 fire elementals
  A hog (Lair:4)
  2 wargs
  Eustachio (D:4)
  17 vampire mosquitoes
  10 basilisks
  A black mamba skeleton (Crypt:1)
  A catoblepas simulacrum (Tomb:2)
  A white draconian simulacrum (Zot:5)
  A basilisk (shapeshifter) (D:15)
  34 chaos spawn
  23 neqoxecs
  A red draconian simulacrum (Zot:2)
  A glowing shapeshifter zombie (Depths:3)
  16 harpy simulacra
  20 swamp worms
  41 redbacks
  A demonspawn zombie (Crypt:2)
  A spatial vortex (Abyss:5)
  16 water moccasins
  19 hell hounds
  6 swamp drakes
  An ice beast (D:8)
  2 moth of wrath simulacra
  A black bear (shapeshifter) (Elf:3)
  2 glowing shapeshifter skeletons
  49 orc warriors
  6 black bears
  A sky beast (D:5)
  42 laughing skulls
  7 ettin simulacra
  7 ogres
  4 boggarts
  29 wolves
  The ghost of quokkaGoldrunner the Slasher, an amateur DjWr (D:3)
  A phantom (D:6)
  15 centaurs
  6 kobold brigands
  A salamander zombie (Crypt:2)
  6 brain worms (Pan)
  A weeping skull (Abyss:2)
  A human simulacrum (Depths:3)
  A rime drake skeleton (Crypt:1)
  7 bullfrogs
  A gnoll sergeant (D:9)
  7 small abominations
  3 earth elementals
  A two-headed ogre simulacrum (Coc:1)
  5 scorpions
  A komodo dragon skeleton (Crypt:3)
  A water moccasin skeleton (Crypt:2)
  18 wights
  A polar bear zombie (Crypt:3)
  10 killer bees
  2 howler monkeys (D:9)
  A polar bear skeleton (Crypt:3)
  9 electric eels
  A bombardier beetle (D:4)
  7 lava snakes
  2 quasits
  A hound (D:5)
  2 human zombies
  3 jellies
  45 orc priests
  5 iguanas
  2 iron imps (Abyss:3)
  Ijyb (D:3)
  Natasha (thrice) (D:3)
  23 orc wizards
  2 sleepcaps (D:5)
  A sky beast zombie (Crypt:1)
  A deep dwarf zombie (Crypt:1)
  33 mummies
  6 gnolls
  7 adders
  4 shadow imps
  3 white imps
  4 ufetubi
  A dart slug (D:4)
  A ribbon worm (D:2)
  A ribbon worm (shapeshifter) (D:12)
  101 orcs
  5 ball pythons
  2 endoplasms
  3 giant cockroaches
  5 goblins
  16 hobgoblins
  29 kobolds
  5 quokkas
  7 bats
  3 frilled lizards
  A quokka skeleton (Crypt:1)
  12 rats
  7 aspiring fleshes
  3 ball lightnings (Pan)
  5 creeping infernos
  6 fire vortices
  A lurking horror (Abyss:5)
  6 spectral weapons
  3 starspawn tentacles
4688 creatures vanquished.

Vanquished Creatures (collateral kills)
  A pandemonium lord (Pan)
  2 Killer Klowns (Zot:5)
  A bone dragon (Crypt:3)
  2 Tzitzimimeh (Pan)
  An Ice Fiend (Coc:7)
  A lich (Crypt:3)
  Rupert (Lair:4)
  2 Orb Guardians (Zot:5)
  A quicksilver dragon (Zot:5)
  2 Executioners (Pan)
  An ancient champion (Dis:2)
  A protean progenitor (Pan)
  A fire giant (Geh:1)
  A demonspawn warmonger (Pan)
  A quicksilver elemental (Dis:2)
  A frost giant (Coc:5)
  3 balrugs (Pan)
  A ghoul (Crypt:3)
  A demonspawn corrupter (Pan)
  2 demonspawn blood saints (Pan)
  An elemental wellspring (Coc:5)
  2 lorocyprocas (Pan)
  A mummy priest (Tomb:1)
  A spectral spriggan (Tar:3)
  A rakshasa (Pan)
  A quicksilver dragon skeleton (Crypt:3)
  A caustic shrike simulacrum (Coc:7)
  A sun demon (Pan)
  A demonic crawler (Pan)
  4 sixfirhies (Pan)
  4 skeletal warriors
  A slime creature (Slime:2)
  A shadow wraith (Crypt:3)
  A shadow demon (Pan)
  A phantasmal warrior (Crypt:3)
  A shining eye (Pan)
  A centaur zombie (Crypt:3)
  A smoke demon (Pan)
  2 orange demons (Pan)
  3 tormentors
  3 guardian mummies
  3 hellwings (Pan)
  A ynoxinul (Pan)
  4 ushabtiu (Tomb:1)
  3 chaos spawn (Pan)
  2 neqoxecs (Pan)
  2 harpy simulacra (Coc:7)
  A naga skeleton (Crypt:3)
  A laughing skull (Crypt:3)
  A gnoll sergeant (D:9)
  A naga simulacrum (Coc:2)
  A basilisk zombie (Crypt:3)
  A hound skeleton (Crypt:3)
81 creatures vanquished.

Vanquished Creatures (others)
  A shard shrike (Coc:6)
  A Killer Klown (Zot:5)
  A golden dragon (Zot:5)
  8 Orb Guardians (Zot:5)
  2 storm dragons (Zot:5)
  A demonspawn warmonger (Pan)
  A draconian stormcaller (Zot:5)
  A cacodemon (Zot:5)
  2 demonspawn blood saints (Pan)
  3 shard shrike simulacra
  A black draconian (Zot:5)
  A wendigo (Coc:7)
  A blizzard demon (Pan)
  A hell beast (Depths:3)
  A caustic shrike simulacrum (Coc:3)
  A spriggan air mage (Depths:4)
  3 juggernaut simulacra
  An orange crystal statue (Zot:5)
  4 spriggan simulacra
  A black mamba (Lair:5)
  4 titan simulacra
  4 anaconda simulacra
  A rime drake (Lair:4)
  3 iron giant simulacra
  A bloated husk (Swamp:1)
  A hellwing (Pan)
  A tarantella (Spider:1)
  2 iron dragon simulacra
  An air elemental (Elf:1)
  A centaur simulacrum (Coc:1)
  2 dire elephant simulacra
  A human (Lair:4)
  A catoblepas simulacrum (Coc:1)
  3 harpy simulacra
  A hydra simulacrum (Coc:4)
  A bullfrog (Lair:4)
  2 naga simulacra (Coc:7)
  2 orc priests
  3 ball lightnings (Pan)
  2 creeping infernos
  31 foxfires
  2 lurking horrors
  7 starspawn tentacles
113 creatures vanquished.

Grand Total: 4882 creatures vanquished

Notes
Turn   | Place    | Note
-------+----------+-------------------------------------------
     0 | D:1      | ksj2083 the Draconian Shapeshifter began the quest for the
                  | Orb.
     0 | D:1      | Reached XP level 1. HP: 16/16 MP: 1/1
   389 | D:1      | Reached XP level 2. HP: 21/23 MP: 2/2
   607 | D:2      | Found Yphocw's Assorted Antiques.
   778 | D:2      | Reached XP level 3. HP: 29/29 MP: 3/3
  1382 | D:3      | Noticed Natasha
  1395 | D:3      | Killed Natasha
  1396 | D:3      | Reached XP level 4. HP: 27/36 MP: 4/4
  1467 | D:3      | Noticed Ijyb
  1481 | D:3      | Killed Ijyb
  1826 | D:3      | Noticed Natasha
  1835 | D:3      | Killed Natasha
  1836 | D:3      | Reached XP level 5. HP: 28/42 MP: 5/5
  2098 | D:3      | Found a runed translucent door.
  2098 | D:3      | Noticed a centaur
  2098 | D:3      | Noticed quokkaGoldrunner's ghost (amateur DjWr)
  2194 | D:3      | Noticed Natasha
  2205 | D:3      | Killed Natasha
  2642 | D:3      | Killed quokkaGoldrunner's ghost
  2643 | D:3      | Reached XP level 6. HP: 18/51 MP: 6/6
  3016 | D:4      | Reached skill level 5 in Shapeshifting
  3040 | D:4      | Found a snail-covered altar of Cheibriados.
  3050 | D:4      | Found an ancient bone altar of Kikubaaqudgha.
  3160 | D:4      | Identified the +0 pair of boots of Jiojoer {^Drain rN+
                  | rCorr Str+5}
  3400 | D:4      | Found a staircase to the Ecumenical Temple.
  3406 | D:4      | Your scales start taking on an icy white colour.
  3406 | D:4      | Reached XP level 7. HP: 53/57 MP: 7/7
  3406 | D:4      | Gained mutation: Your flesh is cold resistant. (rC+) [White
                  | Draconian growth]
  3409 | Temple   | Entered the Ecumenical Temple
  3435 | Temple   | Became a worshipper of Gozag Ym Sagoz the Greedy
  3554 | D:4      | Noticed Eustachio
  3612 | D:4      | Killed Eustachio
  4365 | D:5      | Entered Level 5 of the Dungeon
  4599 | D:5      | Reached skill level 5 in Unarmed Combat
  4750 | D:5      | Reached XP level 8. HP: 66/67 MP: 8/8
  5517 | D:5      | Reached skill level 5 in Fighting
  5748 | D:6      | Noticed a gargoyle
  5757 | D:6      | Killed a gargoyle
  5758 | D:6      | Reached skill level 5 in Dodging
  5760 | D:6      | Reached XP level 9. HP: 68/75 MP: 9/9
  7506 | D:7      | Found a runed translucent door.
  7509 | D:7      | Noticed Abbadon's ghost (novice GnWn)
  7589 | D:7      | Killed Abbadon's ghost
  7590 | D:7      | Reached XP level 10. HP: 44/86 MP: 10/10
  8083 | D:8      | Found a transporter.
  8089 | D:8      | Noticed ImOTab's ghost (novice OnMo)
  8206 | D:8      | Found a transporter.
  8446 | D:8      | Found a glowing silver altar of Zin.
  8696 | D:8      | Noticed Psyche
  8702 | D:8      | Killed Psyche
  8864 | D:8      | Found a shimmering altar of Xom.
  8872 | D:8      | Found a basalt altar of Yredelemnul.
  9122 | D:8      | Killed ImOTab's ghost
  9123 | D:8      | Reached skill level 10 in Shapeshifting
  9409 | D:8      | Bought a clear potion for 19 gold pieces
  9409 | D:8      | Bought a forked fluorescent wand for 88 gold pieces
  9409 | D:8      | Bought a scroll of identify for 44 gold pieces
  9409 | D:8      | Bought a scroll of fear for 88 gold pieces
  9409 | D:8      | Bought an ivory ring for 110 gold pieces
  9409 | D:8      | Bought a lumpy white potion for 19 gold pieces
  9432 | D:9      | Noticed a two-headed ogre
  9464 | D:9      | Killed a two-headed ogre
  9817 | D:9      | Reached XP level 11. HP: 82/95 MP: 11/11
  9885 | D:9      | Noticed a boulder beetle
 10059 | D:9      | Found Wecsuisk's Antique Armour Shoppe.
 10075 | D:9      | Bought a runed cloak for 180 gold pieces
 10108 | D:9      | Killed a boulder beetle
 10253 | D:9      | Noticed Maurice
 10263 | D:9      | Killed Maurice
 10412 | D:9      | Found a burning altar of Makhleb.
 10462 | D:9      | Noticed a two-headed ogre
 10473 | D:9      | Killed a two-headed ogre
 10871 | D:9      | Noticed a sun demon
 11220 | D:9      | Noticed an eight-headed hydra
 11230 | D:9      | Killed an eight-headed hydra
 11231 | D:9      | Reached skill level 1 in Evocations
 11689 | D:10     | Entered Level 10 of the Dungeon
 12000 | D:10     | Found a white marble altar of Elyvilon.
 12332 | D:10     | Noticed Gastronok
 12355 | D:10     | Killed Gastronok
 12356 | D:10     | Reached skill level 10 in Unarmed Combat
 12356 | D:10     | Reached XP level 12. HP: 87/105 MP: 12/12
 12550 | D:10     | Found a staircase to the Lair.
 13103 | D:11     | Found a staircase to the Orcish Mines.
 13251 | D:11     | Found a transporter.
 13256 | D:11     | Found a transporter.
 13289 | D:11     | Noticed a boulder beetle
 13308 | D:11     | Killed a boulder beetle
 13600 | D:11     | Noticed a boulder beetle
 13613 | D:11     | Killed a boulder beetle
 13799 | D:11     | Found a transporter.
 13822 | D:11     | Noticed an orc high priest
 13823 | D:11     | Found a roughly hewn altar of Beogh.
 13823 | D:11     | Found a transporter.
 13912 | D:11     | Noticed a two-headed ogre
 13920 | D:11     | Killed a two-headed ogre
 14024 | D:11     | Noticed Coo1's ghost (novice MDFE)
 14486 | D:12     | Noticed a boulder beetle
 14521 | D:12     | Noticed a two-headed ogre
 14527 | D:12     | Killed a two-headed ogre
 14528 | D:12     | Reached skill level 10 in Fighting
 14634 | D:12     | Found a flickering gateway to a bazaar.
 14663 | D:12     | HP: 3/106 [burnt (6)]
 14675 | Bazaar   | Entered a bazaar
 14752 | Bazaar   | Found Sevorasm's Assorted Antiques.
 14771 | Bazaar   | Found Jommed's Book Emporium.
 14790 | Bazaar   | Found Imeasmeo's Book Boutique.
 14809 | Bazaar   | Found Osifep's Antique Armour Shoppe.
 14881 | Bazaar   | Bought a manual of Shields for 1200 gold pieces
 15086 | D:12     | Noticed Snorg
 15105 | D:12     | Killed Snorg
 15187 | D:12     | Found a runed translucent gate.
 15188 | D:12     | Found a runed translucent gate.
 15188 | D:12     | Found a runed translucent gate.
 15221 | D:12     | Noticed a two-headed ogre
 15223 | D:12     | Killed a two-headed ogre
 15428 | D:12     | Noticed a two-headed ogre
 15428 | D:12     | a two-headed ogre changed into a skyshark
 15447 | D:12     | Killed a boulder beetle
 15628 | D:12     | a water nymph changed into a torpor snail
 15628 | D:12     | Noticed a torpor snail (glowing shapeshifter)
 15629 | D:12     | a torpor snail changed into a skyshark
 15834 | D:13     | Identified a scroll of acquirement
 15834 | D:13     | Acquired a manual of Dodging
 15858 | D:13     | Reached XP level 13. HP: 76/114 MP: 13/13
 16663 | D:13     | Reached skill level 10 in Dodging
 16739 | D:13     | Found a gate to the Vaults.
 16816 | D:12     | Found a runed translucent gate.
 16816 | D:12     | Found a runed translucent gate.
 16820 | D:12     | Noticed a cacodemon
 16821 | D:12     | Found a runed translucent gate.
 16821 | D:12     | Noticed Kaofanam's ghost (journeyman DjFE)
 17038 | Orc:1    | Entered Level 1 of the Orcish Mines
 17068 | Orc:1    | Noticed an orc warlord
 17124 | D:11     | Killed an orc warlord
 17474 | Orc:1    | Found a roughly hewn altar of Beogh.
 18153 | Orc:2    | Entered Level 2 of the Orcish Mines
 18212 | Orc:2    | Noticed an ettin
 18240 | Orc:1    | Killed an ettin
 18415 | Orc:2    | Noticed an orc warlord
 18437 | Orc:2    | Killed an orc warlord
 18663 | Orc:2    | HP: 3/116 [orc priest/divine providence (16)]
 18807 | Orc:1    | Reached XP level 14. HP: 59/124 MP: 14/14
 19598 | Orc:2    | Found a staircase to the Elven Halls.
 19670 | Orc:2    | Found Odasid's Book Emporium.
 19670 | Orc:2    | Found Buddir's Book Emporium.
 19671 | Orc:2    | Found Turo's Antique Armour Shoppe.
 19671 | Orc:2    | Found Efaemp's Magic Scroll Emporium.
 20246 | Orc:1    | Bought a scroll of identify for 36 gold pieces
 20246 | Orc:1    | Bought a scroll of teleportation for 54 gold pieces
 20246 | Orc:1    | Bought a scroll of acquirement for 936 gold pieces
 20247 | Orc:1    | Acquired 1082 gold pieces
 20257 | Orc:1    | Bought a pair of runed gloves for 142 gold pieces
 20667 | Lair:1   | Entered Level 1 of the Lair of Beasts
 21536 | Lair:1   | Paralysed by a hornet for 1 turns
 21868 | Lair:1   | Found a runed translucent door.
 21873 | Lair:1   | Identified the +7 trident "X" {spect, rF+ Str+4 Dex+3}
 21873 | Lair:1   | Noticed Sojobo's ghost (journeyman TeCj)
 21925 | Lair:1   | Killed Sojobo's ghost
 22440 | Lair:2   | Noticed Rosipt's ghost (journeyman DjEE)
 22466 | Lair:2   | Found a transporter.
 22499 | Lair:2   | Noticed Amaemon
 22519 | Lair:2   | Killed Amaemon
 22533 | Lair:2   | Found a staircase to the Swamp.
 22605 | Lair:2   | Found a transporter.
 22664 | Abyss:2  | Cast into level 2 of the Abyss (spriggan rider)
 22739 | Abyss:2  | Noticed a tentacled monstrosity
 22752 | Abyss:2  | Killed a tentacled monstrosity
 22958 | Abyss:2  | Noticed a tentacled starspawn
 22969 | Abyss:2  | Killed a tentacled starspawn
 23013 | Abyss:2  | Reached XP level 15. HP: 122/134 MP: 15/15
 23093 | Lair:2   | Escaped the Abyss
 23107 | Lair:2   | Noticed Urug
 23114 | Lair:2   | Killed Urug
 23238 | Lair:2   | You fall into a shaft and drop 1 floor!
 23263 | Lair:3   | Found a hole to the Spider Nest.
 23431 | Lair:2   | Reached skill level 15 in Shapeshifting
 25443 | Lair:4   | Noticed Kirke
 25455 | Lair:4   | Killed Kirke
 25483 | Lair:4   | Found a gate leading to a gauntlet.
 25492 | Gauntlet | Entered a Gauntlet
 25492 | Gauntlet | Found a transporter.
 25492 | Gauntlet | Found a transporter.
 25494 | Gauntlet | Found a transporter.
 25497 | Gauntlet | Found a transporter.
 25499 | Gauntlet | Found a transporter.
 25539 | Gauntlet | Found a transporter.
 25543 | Gauntlet | Found a transporter.
 25543 | Gauntlet | Found a transporter.
 25595 | Gauntlet | Found a transporter.
 25609 | Gauntlet | Found a transporter.
 25630 | Gauntlet | Got the Vademecum on Hexes
 25710 | Gauntlet | Found a transporter.
 25785 | Gauntlet | Found a transporter.
 25807 | Gauntlet | Found a transporter.
 25809 | Gauntlet | Identified the +4 pair of boots "Ymex" {^Contam +Blink
                  | Regen+ Str+4}
 25825 | Gauntlet | Found a transporter.
 25839 | Gauntlet | Identified the +1 buckler "Sutras" {rN+ Dex+3 Stlth+}
 26045 | Lair:4   | Found a staircase to the Slime Pits.
 26758 | Lair:4   | Learned a level 2 spell: Lesser Beckoning
 26910 | Lair:4   | Noticed Rupert
 26938 | Lair:4   | Killed Rupert
 26939 | Lair:4   | Reached skill level 5 in Evocations
 27279 | Lair:5   | Entered Level 5 of the Lair of Beasts
 27671 | Lair:5   | Reached skill level 1 in Shields
 27752 | Lair:5   | Got the Papyrus of the Salamander and Rime
 27922 | Lair:5   | Reached XP level 16. HP: 141/141 MP: 16/16
 27933 | Lair:5   | Found a large runed translucent door.
 27933 | Lair:5   | Found a large runed translucent door.
 27963 | Lair:5   | Got the Spellbook of Maltheism
 27969 | Lair:5   | Identified the staff "Plojy" {rElec rPois Int-5 SInv Conj}
 28769 | Lair:5   | Bought a translucent tin ring for 190 gold pieces
 28769 | Lair:5   | Identified the ring of Hylaf {rPois rCorr Dex+3} (You
                  | bought it in a shop on level 5 of the Lair of Beasts)
 29038 | D:12     | Killed Kaofanam's ghost
 29046 | D:12     | Gained mutation: You are dopey. (Int -2) [a neqoxec]
 29046 | D:12     | Gained mutation: Your spells are a little easier to cast,
                  | but a little less powerful. [a cacodemon]
 29360 | D:11     | Killed Coo1's ghost
 31337 | D:15     | Entered Level 15 of the Dungeon
 31736 | D:15     | Found Yvvogosa's Antique Weapon Boutique.
 31825 | D:15     | Found a staircase to the Depths.
 31919 | D:15     | Identified the +6 tower shield of the Falcon {rF- Str+6}
 31919 | D:15     | Noticed Louise
 31948 | D:15     | Killed Louise
 32913 | Spider:1 | Entered Level 1 of the Spider Nest
 32972 | Spider:1 | Found a transporter.
 32983 | Spider:1 | Noticed ooops's ghost (journeyman CoCK)
 33031 | Spider:1 | Reached XP level 17. HP: 94/148 MP: 17/17
 33069 | Spider:1 | Found a transporter.
 33508 | Spider:2 | Found a runed translucent gate.
 33508 | Spider:2 | Found a runed translucent gate.
 33509 | Spider:2 | Found a runed translucent gate.
 33510 | Spider:2 | Noticed Lakky's ghost (journeyman DsFi)
 34338 | Spider:3 | Noticed Arachne
 34365 | Spider:3 | Killed Arachne
 35596 | Spider:4 | Entered Level 4 of the Spider Nest
 35716 | Spider:4 | Bought a scroll of teleportation for 60 gold pieces
 35717 | Spider:4 | Bought a steaming tin ring for 180 gold pieces
 35717 | Spider:4 | Identified the ring "Jece" {Fly Dex+6 Slay+3} (You bought
                  | it in a shop on level 4 of the Spider Nest)
 35717 | Spider:4 | Bought a scroll of fear for 144 gold pieces
 35717 | Spider:4 | Bought a scroll of teleportation for 108 gold pieces
 36359 | Spider:4 | Reached XP level 18. HP: 128/156 MP: 0/18
 36621 | Spider:4 | Got a gossamer rune of Zot
 37493 | Spider:2 | Noticed a Tzitzimitl
 37511 | Spider:2 | Gained mutation: You are very dopey. (Int -4) [mutagenic
                  | glow]
 37525 | Spider:2 | Gained mutation: You sometimes lose your temper in combat.
                  | [mutagenic glow]
 37539 | Spider:2 | Gained mutation: You have an uncontrollable temper.
                  | [mutagenic glow]
 37557 | Spider:1 | Gained mutation: You are frail. (-10% HP) [mutagenic glow]
 37565 | Spider:1 | Gained mutation: Your spells are easier to cast, but less
                  | powerful. [mutagenic glow]
 37579 | Spider:1 | Gained mutation: You occasionally lose the ability to read
                  | scrolls when taking damage. [mutagenic glow]
 37601 | Spider:1 | Reached skill level 15 in Unarmed Combat
 37614 | Spider:1 | Killed ooops's ghost
 37726 | Spider:1 | Got the Codex of the Frozen Curse
 38032 | Lair:2   | Killed Rosipt's ghost
 38081 | Lair:2   | Found a one-way gate to the infinite horrors of the Abyss.
 38091 | Lair:2   | Got Lugonu's Excursus on Position
 38129 | Lair:2   | Lost mutation: You are frail. (-10% HP) [potion of
                  | mutation]
 38129 | Lair:2   | Lost mutation: You have an uncontrollable temper. [potion
                  | of mutation]
 38129 | Lair:2   | Lost mutation: Your spells are easier to cast, but less
                  | powerful. [potion of mutation]
 38129 | Lair:2   | Gained mutation: You are agile. (Dex +4, Str/Int -1)
                  | [potion of mutation]
 38130 | Lair:2   | Lost mutation: You occasionally lose the ability to read
                  | scrolls when taking damage. [potion of mutation]
 38130 | Lair:2   | Lost mutation: You sometimes lose your temper in combat.
                  | [potion of mutation]
 38130 | Lair:2   | Gained mutation: You have a pair of small horns on your
                  | head. [potion of mutation]
 38130 | Lair:2   | Lost mutation: You have a pair of small horns on your head.
                  | [potion of mutation]
 38130 | Lair:2   | Gained mutation: You have a pair of small antennae on your
                  | head. [potion of mutation]
 38131 | Lair:2   | Lost mutation: You are very dopey. (Int -4) [potion of
                  | mutation]
 38131 | Lair:2   | Lost mutation: Your spells are a little easier to cast, but
                  | a little less powerful. [potion of mutation]
 38131 | Lair:2   | Gained mutation: You are very dopey. (Int -4) [potion of
                  | mutation]
 38131 | Lair:2   | Gained mutation: You are strong-willed. (Will+) [potion of
                  | mutation]
 38155 | Lair:2   | Bought the necklace of Bloodlust {Fury *Rage Will++ Int-3
                  | Slay+6} for 906 gold pieces
 38155 | Lair:2   | Found the necklace of Bloodlust {Fury *Rage Will++ Int-3
                  | Slay+6}
 38193 | Swamp:1  | Entered Level 1 of the Swamp
 38910 | Swamp:1  | Identified the serpent talisman "Vuazeb" {rElec rC- rN++
                  | Int+3}
 40265 | Swamp:2  | Found a runed translucent door.
 40277 | Swamp:2  | Noticed Kaybabei's ghost (journeyman DsBr)
 41202 | Swamp:2  | Killed Kaybabei's ghost
 42150 | Swamp:3  | Noticed Bai Suzhen
 42164 | Swamp:3  | Killed Bai Suzhen
 42181 | Swamp:3  | Noticed Nikola
 42204 | Swamp:3  | Killed Nikola
 43062 | Swamp:4  | Entered Level 4 of the Swamp
 43450 | Swamp:3  | Reached XP level 19. HP: 166/166 MP: 19/19
 43573 | Swamp:4  | Got a decaying rune of Zot
 44521 | Vaults:1 | Entered Level 1 of the Vaults
 45076 | Vaults:1 | Identified the serpent talisman "Piricsem" {Stlth+}
 45076 | Vaults:1 | Noticed Aizul
 45091 | Vaults:1 | Killed Aizul
 46526 | Vaults:1 | Bought a phial of floods for 520 gold pieces
 46526 | Vaults:1 | Bought a scroll of teleportation for 39 gold pieces
 46804 | Vaults:2 | Reached skill level 15 in Dodging
 47022 | Vaults:2 | Noticed Saint Roka
 47046 | Vaults:2 | HP: 4/250 [Saint Roka/+3 battleaxe (48)]
 47046 | Vaults:2 | Gained mutation: You occasionally shout uncontrollably at
                  | your foes. [a neqoxec]
 47228 | Vaults:2 | Killed Saint Roka
 47315 | Vaults:2 | Reached skill level 15 in Fighting
 47836 | Vaults:2 | Reached XP level 20. HP: 178/178 MP: 20/20
 47838 | Vaults:2 | Found a staircase to the Crypt.
 48280 | Vaults:3 | Identified the +6 spear "Akiv" {flame, ^Drain rElec rN+
                  | Int+2}
 48313 | Vaults:3 | Found a runed translucent gate.
 48313 | Vaults:3 | Found a runed translucent gate.
 48313 | Vaults:3 | Found a runed translucent gate.
 48313 | Vaults:3 | Found an ancient bone altar of Kikubaaqudgha.
 48313 | Vaults:3 | Noticed an ancient lich
 48313 | Vaults:3 | Noticed a dread lich
 48313 | Vaults:3 | Noticed Soymp's ghost (veteran FoHu)
 48313 | Vaults:3 | Noticed an ancient lich
 48501 | Vaults:3 | Learned a level 5 spell: Silence
 48501 | Vaults:3 | Paralysed by a formless jellyfish for 1 turns
 48872 | Vaults:3 | Reached skill level 1 in Spellcasting
 48872 | Vaults:3 | Reached skill level 1 in Hexes
 49055 | Vaults:3 | Identified the +1 kite shield of the Shrike {+Blink Dex+3
                  | Slay+2}
 49055 | Vaults:3 | Noticed Donald
 49062 | Vaults:3 | Killed Donald
 49363 | Vaults:3 | Killed an ancient lich
 49388 | Vaults:3 | Killed a dread lich
 49398 | Vaults:3 | Killed Soymp's ghost
 49400 | Vaults:3 | Killed an ancient lich
 49576 | Vaults:3 | Got Kikubaaqudgha's Spellbook of Coffins
 49582 | Vaults:3 | Identified the +1 pair of boots "Hataaxink" {rC+ Regen+}
 49591 | Vaults:3 | Identified the ring "Dacw" {Fire MP-9 Str+3 Dex+2}
 49707 | Vaults:4 | Paralysed by something for 3 turns
 49835 | Vaults:4 | Found the +7 lajatang of Order {silver, rMut}
 50111 | Vaults:4 | Found Teow's Magic Scroll Shoppe.
 50153 | Vaults:4 | Found a flickering gateway to a bazaar.
 50159 | Bazaar   | Entered a bazaar
 50162 | Bazaar   | Found Fybef's Assorted Antiques.
 50175 | Bazaar   | Found Kuoc Use's Weapon Shop.
 50188 | Bazaar   | Found Axyth's Distillery.
 50217 | Bazaar   | Found Cosubbam's General Store.
 50223 | Bazaar   | Bought a potion of enlightenment for 55 gold pieces
 50223 | Bazaar   | Bought a potion of haste for 110 gold pieces
 50223 | Bazaar   | Bought a scroll of teleportation for 33 gold pieces
 50242 | Bazaar   | Bought a potion of enlightenment for 75 gold pieces
 50257 | Bazaar   | Upgraded the game from 0.32-a0-870-g877066f to
                  | 0.32-a0-871-ge202e49
 50438 | Vaults:4 | Bought a scroll of teleportation for 57 gold pieces
 50438 | Vaults:4 | Bought a scroll of teleportation for 57 gold pieces
 50438 | Vaults:4 | Bought a scroll of blinking for 142 gold pieces
 51495 | Elf:1    | Entered Level 1 of the Elven Halls
 51501 | Elf:1    | Found a transporter.
 51535 | Elf:1    | Found Gunublec's Jewellery Shoppe.
 51572 | Elf:1    | Reached XP level 21. HP: 187/187 MP: 27/27
 51953 | Elf:1    | Learned a level 4 spell: Cause Fear
 51954 | Elf:1    | Found Aroosac's Antique Weapon Emporium.
 51955 | Elf:1    | Found an ornate altar of the Wu Jian Council.
 52049 | Elf:1    | Found a transporter.
 52054 | Elf:1    | Found a transporter.
 52067 | Abyss:2  | Cast into level 2 of the Abyss (+1 flail of distortion)
 52375 | Elf:1    | Escaped the Abyss
 52781 | Elf:1    | Noticed Azrael
 52791 | Elf:1    | Killed Azrael
 52793 | Elf:1    | Reached skill level 5 in Spellcasting
 52936 | Elf:1    | Found Ruarewaz's Weapon Boutique.
 52958 | Elf:1    | Found an ornate altar of the Wu Jian Council.
 52973 | Elf:1    | Reached skill level 5 in Hexes
 52979 | Elf:1    | Found a transporter.
 53640 | Elf:2    | Lost mutation: You are strong-willed. (Will+) [potion of
                  | mutation]
 53640 | Elf:2    | Lost mutation: You are very dopey. (Int -4) [potion of
                  | mutation]
 53640 | Elf:2    | Lost mutation: You have a pair of small antennae on your
                  | head. [potion of mutation]
 53640 | Elf:2    | Lost mutation: You occasionally shout uncontrollably at
                  | your foes. [potion of mutation]
 53640 | Elf:2    | Gained mutation: You are weak. (Str -2) [potion of
                  | mutation]
 53640 | Elf:2    | Lost mutation: You are weak. (Str -2) [potion of mutation]
 53641 | Elf:2    | Lost mutation: You are agile. (Dex +4, Str/Int -1) [potion
                  | of mutation]
 53641 | Elf:2    | Lost mutation: You are dopey. (Int -2) [potion of mutation]
 53641 | Elf:2    | Gained mutation: Your mind is acute. (Int +4, Str/Dex -1)
                  | [potion of mutation]
 53641 | Elf:2    | Gained mutation: Your flesh is very cold resistant. (rC++)
                  | [potion of mutation]
 53641 | Elf:2    | Gained mutation: Your body sometimes deteriorates upon
                  | taking damage. [potion of mutation]
 53642 | Elf:2    | Lost mutation: Your flesh is very cold resistant. (rC++)
                  | [potion of mutation]
 53642 | Elf:2    | Lost mutation: Your mind is acute. (Int +4, Str/Dex -1)
                  | [potion of mutation]
 53642 | Elf:2    | Lost mutation: Your body sometimes deteriorates upon taking
                  | damage. [potion of mutation]
 53642 | Elf:2    | Gained mutation: You occasionally lose the ability to read
                  | scrolls when taking damage. [potion of mutation]
 53642 | Elf:2    | Gained mutation: You have sharp toenails. [potion of
                  | mutation]
 53642 | Elf:2    | Gained mutation: Your magical capacity is low. (-10% MP)
                  | [potion of mutation]
 53643 | Elf:2    | Lost mutation: You occasionally lose the ability to read
                  | scrolls when taking damage. [potion of mutation]
 53643 | Elf:2    | Lost mutation: You have sharp toenails. [potion of
                  | mutation]
 53643 | Elf:2    | Gained mutation: Your mind is acute. (Int +4, Str/Dex -1)
                  | [potion of mutation]
 53643 | Elf:2    | Gained mutation: Your natural rate of healing is unusually
                  | fast. [potion of mutation]
 53643 | Elf:2    | Gained mutation: You have sharp toenails. [potion of
                  | mutation]
 54260 | Elf:2    | Found a runed translucent gate.
 54260 | Elf:2    | Found a runed translucent gate.
 54260 | Elf:2    | Found a runed translucent gate.
 54260 | Elf:2    | Identified the +4 bardiche of Xocliebu {antimagic, rN+
                  | Dex+2}
 55343 | Elf:3    | Entered Level 3 of the Elven Halls
 55363 | Elf:3    | Noticed 9stopf's ghost (adept FoWr)
 55484 | Elf:3    | Found a runed translucent door.
 55653 | Elf:3    | Reached XP level 22. HP: 198/198 MP: 28/28
 55783 | Elf:3    | Identified the ring of Eraguipn {^Drain Fly rElec rF++}
 55795 | Elf:3    | Identified the ring of Coastig {rF+ rC+ rCorr}
 55884 | Elf:3    | Identified the staff "Bockedgh" {rN+ Str+8 Necro}
 56253 | Elf:3    | Killed 9stopf's ghost
 56672 | Elf:1    | Bought the storm talisman of the Thistle {Str+4 Int+5} for
                  | 3600 gold pieces
 57011 | Vaults:5 | Entered Level 5 of the Vaults
 57241 | Vaults:5 | Identified the +6 longbow of Ypnuimu {speed, Str+2 Int+3}
 57437 | Vaults:5 | Identified the ring of Guugibog {rPois Dex+3}
 57444 | Vaults:5 | Identified the +4 quarterstaff of the Inferno {protect,
                  | rPois Int+4 Dex+2 Stlth+}
 57456 | Vaults:5 | Got a silver rune of Zot
 57488 | Vaults:5 | Identified the +3 shortbow of Toothy Tender Mercy {drain,
                  | rElec rC+ rN+ SInv}
 57494 | Vaults:5 | Noticed a dread lich
 57501 | Vaults:5 | Paralysed by a dread lich for 5 turns
 57511 | Vaults:4 | Paralysed by something for 3 turns
 57517 | Vaults:4 | Killed a dread lich
 57853 | Vaults:5 | Identified the staff of Zofisk {^Drain rF+ Dex-4 Stlth+
                  | Conj Fire}
 57887 | Vaults:5 | Found Dadakeg's Assorted Antiques.
 57917 | Vaults:5 | Identified the +10 great sword "Orb Guardian's Doom"
                  | {freeze, rC+ rN+ Dex+5}
 58538 | Vaults:5 | Reached XP level 23. HP: 206/206 MP: 31/31
 59020 | Vaults:5 | Found Vuth's Assorted Antiques.
 59031 | Vaults:5 | Identified the +6 spear of the Depths {speed, +Blink rElec}
 59177 | Vaults:5 | Acquired a manual of Air Magic
 59179 | Vaults:5 | Acquired a manual of Spellcasting
 59180 | Vaults:5 | Acquired a manual of Spellcasting
 59340 | Vaults:5 | Learned a level 7 spell: Enfeeble
 59995 | Depths:1 | Entered Level 1 of the Depths
 60013 | Depths:1 | Identified the +4 robe of Noghykoq {rF+ Stlth+}
 60013 | Depths:1 | Noticed Boris
 60021 | Depths:1 | Killed Boris
 60039 | Depths:1 | Found a broken altar of Ashenzari.
 60091 | Depths:1 | Found Teumn's Book Shoppe.
 60092 | Depths:1 | Found Acaq's Jewellery Shop.
 60093 | Depths:1 | Found Sires's Book Shoppe.
 60562 | Depths:1 | Found a gateway to Hell.
 61693 | Depths:2 | Identified the +7 morningstar of Foolhardiness {spect,
                  | rElec}
 61746 | Depths:2 | Reached skill level 10 in Spellcasting
 61892 | Depths:2 | Found an ancient bone altar of Kikubaaqudgha.
 62001 | Depths:2 | Reached XP level 24. HP: 218/218 MP: 33/33
 62371 | Depths:2 | Reached skill level 1 in Air Magic
 62562 | Depths:2 | Found a one-way gate leading to the halls of Pandemonium.
 64068 | Depths:3 | Found an ancient bone altar of Kikubaaqudgha.
 64068 | Depths:3 | Noticed Jory
 64082 | Depths:3 | Killed Jory
 64090 | Depths:3 | Identified the ring "Nistra" {rPois Will+ Int+4}
 64257 | Depths:3 | Reached skill level 1 in Invocations
 64747 | Depths:4 | Entered Level 4 of the Depths
 64766 | Depths:4 | Found Kytesoom's Armour Shop.
 64770 | Depths:4 | Found Icwuklah's Magic Scroll Shop.
 64779 | Depths:4 | Bought a scroll of teleportation for 63 gold pieces
 64830 | Depths:4 | Found a one-way gateway to a ziggurat.
 64845 | Depths:4 | Reached skill level 10 in Hexes
 64922 | Depths:4 | Found a gate to the Realm of Zot.
 65036 | Depths:4 | Found a magical portal.
 65051 | WizLab   | Entered The Hall of the Hellbinder
 65122 | WizLab   | Noticed a dread lich
 65131 | WizLab   | Killed a dread lich
 65245 | WizLab   | Found a burning altar of Makhleb.
 65250 | WizLab   | Reached XP level 25. HP: 105/228 MP: 30/35
 65344 | WizLab   | Got the Handbook of Arrival
 65374 | WizLab   | Identified the +0 scimitar "Rapetoess" {freeze, Will++}
 66474 | Vaults:5 | Bought a scroll of teleportation for 114 gold pieces
 66793 | Zot:1    | Entered Level 1 of the Realm of Zot
 67580 | Zot:1    | Acquired 886 gold pieces
 68135 | Zot:2    | Noticed Vv
 68153 | Zot:2    | Killed Vv
 68186 | Zot:2    | Reached skill level 5 in Invocations
 68346 | Zot:2    | Identified the +6 double sword of Corporal Punishment
                  | {elec, Fly Str+4 Dex+2}
 68592 | Zot:2    | Identified the ring "Patoyruduo" {Ice Fly Stlth+}
 68592 | Zot:2    | Noticed Josephina
 68600 | Zot:2    | Killed Josephina
 69099 | Zot:3    | You are sucked into a shaft and drop 1 floor!
 69161 | Zot:4    | Noticed a Killer Klown
 69193 | Zot:4    | Killed a Killer Klown
 69592 | Zot:3    | Noticed an orb of fire
 69623 | Zot:3    | Killed an orb of fire
 69752 | Zot:3    | Reached XP level 26. HP: 239/239 MP: 32/36
 71284 | Zot:5    | Entered Level 5 of the Realm of Zot
 71380 | Zot:5    | Found a runed translucent gate.
 71380 | Zot:5    | Noticed an ancient lich
 71385 | Zot:5    | Found a runed translucent gate.
 71389 | Zot:5    | Found a runed translucent gate.
 71395 | Zot:5    | Noticed Hoatu's ghost (master TrFi)
 71431 | Zot:5    | Killed an ancient lich
 71447 | Zot:5    | Killed Hoatu's ghost
 71472 | Zot:5    | Identified the +8 hand axe of Diurph {freeze, rPois rC+++
                  | Int-4 Stlth+}
 71676 | Zot:5    | Noticed an ancient lich
 71695 | Zot:5    | Noticed a dread lich
 71702 | Zot:5    | Killed a dread lich
 71704 | Zot:5    | Noticed an orb of fire
 71704 | Zot:5    | Gained mutation: You occasionally shout uncontrollably at
                  | your foes. [an orb of fire]
 71707 | Zot:5    | Lost mutation: Your natural rate of healing is unusually
                  | fast. [an orb of fire]
 71708 | Zot:5    | Gained mutation: You have hidden genetic defects. [an orb
                  | of fire]
 71720 | Zot:5    | Killed an orb of fire
 71732 | Zot:5    | Killed an ancient lich
 71953 | Zot:5    | Lost mutation: Your mind is acute. (Int +4, Str/Dex -1)
                  | [hidden defects]
 71955 | Zot:5    | Noticed an orb of fire
 71973 | Zot:5    | Killed an orb of fire
 72263 | Zot:5    | Lost mutation: You have sharp toenails. [potion of
                  | mutation]
 72263 | Zot:5    | Lost mutation: Your magical capacity is low. (-10% MP)
                  | [potion of mutation]
 72263 | Zot:5    | Lost mutation: You have hidden genetic defects. [potion of
                  | mutation]
 72263 | Zot:5    | Gained mutation: You sometimes lose your temper in combat.
                  | [potion of mutation]
 72264 | Zot:5    | Lost mutation: You occasionally shout uncontrollably at
                  | your foes. [potion of mutation]
 72264 | Zot:5    | Lost mutation: You sometimes lose your temper in combat.
                  | [potion of mutation]
 72264 | Zot:5    | Gained mutation: You have a pair of small horns on your
                  | head. [potion of mutation]
 72264 | Zot:5    | Gained mutation: You expend magic power (3 MP) to
                  | strengthen your wands. [potion of mutation]
 72264 | Zot:5    | Gained mutation: Your flesh is heat resistant. (rF+)
                  | [potion of mutation]
 72264 | Zot:5    | Gained mutation: Your flesh is very cold resistant. (rC++)
                  | [potion of mutation]
 72266 | Zot:5    | Bought a scroll of blinking for 90 gold pieces
 72266 | Zot:5    | Bought a scroll of revelation for 90 gold pieces
 72266 | Zot:5    | Bought a scroll of fear for 48 gold pieces
 72266 | Zot:5    | Bought a scroll of blinking for 90 gold pieces
 72269 | Zot:5    | Bought a scroll of poison for 84 gold pieces
 72269 | Zot:5    | Bought a scroll of revelation for 157 gold pieces
 72269 | Zot:5    | Bought a scroll of revelation for 157 gold pieces
 72269 | Zot:5    | Bought a scroll of summoning for 199 gold pieces
 72269 | Zot:5    | Bought a scroll of teleportation for 63 gold pieces
 72725 | Temple   | Fell from the grace of Gozag
 72725 | Temple   | Became a worshipper of the Shining One
 72983 | Crypt:1  | Entered Level 1 of the Crypt
 73000 | Crypt:1  | Reached * piety under the Shining One
 73014 | Crypt:1  | Reached ** piety under the Shining One
 73159 | Crypt:1  | Learned a level 5 spell: Yara's Violent Unravelling
 73180 | Crypt:1  | Found an ancient bone altar of Kikubaaqudgha.
 73228 | Crypt:1  | Reached *** piety under the Shining One
 73349 | Crypt:1  | Reached **** piety under the Shining One
 73653 | Crypt:1  | Reached skill level 5 in Shields
 73659 | Crypt:1  | Reached ***** piety under the Shining One
 73952 | Crypt:2  | Found a runed translucent gate.
 73952 | Crypt:2  | Found a runed translucent gate.
 73952 | Crypt:2  | Found a runed translucent gate.
 73952 | Crypt:2  | Noticed Teduw's ghost (veteran MiGl)
 73967 | Crypt:2  | Reached skill level 10 in Invocations
 73976 | Crypt:2  | Killed Teduw's ghost
 73988 | Crypt:2  | Identified the +3 robe of the Eternal Fruit {rC+ rN+ Int+3}
 73988 | Crypt:2  | Noticed Boris
 74007 | Crypt:2  | Killed Boris
 74224 | Crypt:2  | Reached ****** piety under the Shining One
 74449 | Crypt:2  | Reached XP level 27. HP: 248/248 MP: 41/41
 74699 | Crypt:3  | Entered Level 3 of the Crypt
 74760 | Crypt:3  | Found a staircase to the Tomb.
 74866 | Crypt:3  | Found a basalt altar of Yredelemnul.
 74891 | Crypt:3  | Identified the +4 robe of Fiagyps {Slay+2}
 74891 | Crypt:3  | Noticed Boris
 74897 | Crypt:3  | Killed Boris
 75196 | Crypt:3  | Reached skill level 15 in Invocations
 75202 | Crypt:3  | Reached skill level 10 in Shields
 75516 | Crypt:3  | Noticed an ancient lich
 75525 | Crypt:3  | Killed an ancient lich
 75537 | Crypt:3  | Identified the ring of the Scavenger {rF- rC+ Will+ rCorr
                  | SInv}
 75692 | Crypt:3  | Got Fesol's Essays on Desecration
 76371 | Slime:1  | Entered Level 1 of the Pits of Slime
 76516 | Slime:1  | Gained mutation: Your magical capacity is low. (-10% MP) [a
                  | shining eye]
 76812 | Slime:2  | Gained mutation: You are weak. (Str -2) [a shining eye]
 78345 | Slime:5  | Entered Level 5 of the Pits of Slime
 78431 | Slime:5  | Noticed the Royal Jelly
 78437 | Slime:5  | Killed the Royal Jelly
 78671 | Slime:5  | Got a slimy rune of Zot
 78676 | Slime:5  | Got the Book of Enchanted Sciomancy
 78712 | Slime:5  | Identified the ring "Noqiem" {Fly rN+ Dex+2}
 78716 | Slime:5  | Identified the +1 cloak of Midsummer {rPois rC+ rN++ Str-3}
 78722 | Slime:5  | Identified the +8 chain mail of Kaprank {rPois Regen+ MP+9}
 78744 | Slime:5  | Identified the +2 ring mail of Gozag's Grace {Int+3}
 78745 | Slime:5  | Identified the +1 trident of Infinite Pain {venom, Will+}
 78752 | Slime:5  | Identified the +1 whip "Rarghaur" {venom, Fly rElec rF-
                  | Str+5}
 80131 | Pan      | Entered Pandemonium
 80345 | Pan      | Noticed Ostom the pandemonium lord
 80355 | Pan      | Killed Ostom the pandemonium lord
 81239 | Pan      | Noticed Afontuze the pandemonium lord
 81248 | Pan      | Killed Afontuze the pandemonium lord
 81430 | Pan      | Found an exit through the horrors of the Abyss.
 82365 | Pan      | Noticed Uwity the pandemonium lord
 82376 | Pan      | Killed Uwity the pandemonium lord
 82562 | Pan      | Noticed Dinwah the pandemonium lord
 82589 | Pan      | Killed Dinwah the pandemonium lord
 82622 | Pan      | Got a demonic rune of Zot
 82793 | Pan      | Gained mutation: You passively map a small area around you.
                  | [a cacodemon]
 82795 | Pan      | Was forgiven by Gozag
 83181 | Pan      | Identified the +5 pair of gloves "Mishoshri" {*Corrode rF+
                  | rC+ rN++}
 83196 | Pan      | Found a transporter.
 83196 | Pan      | Found a transporter.
 83198 | Pan      | Found a transporter.
 83198 | Pan      | Found a transporter.
 83288 | Pan      | Found a transporter.
 83303 | Pan      | Identified the ring "Nyqomuimp" {rC+ Will+}
 84042 | Pan      | Noticed Lukhliw the pandemonium lord
 84046 | Pan      | Killed Lukhliw the pandemonium lord
 84417 | Pan      | Found an exit through the horrors of the Abyss.
 84453 | Pan      | Found a huge runed translucent gate.
 84504 | Pan      | Reached skill level 15 in Hexes
 84803 | Pan      | Found a huge runed translucent gate.
 84805 | Pan      | Found a huge runed translucent gate.
 84806 | Pan      | Found a huge runed translucent gate.
 84806 | Pan      | Found a huge runed translucent gate.
 84896 | Pan      | Found a huge runed translucent gate.
 84898 | Pan      | Found a huge runed translucent gate.
 84901 | Pan      | Noticed Waufir the pandemonium lord
 84911 | Pan      | Reached skill level 15 in Shields
 84917 | Pan      | Killed Waufir the pandemonium lord
 85183 | Pan      | Gained mutation: Potions are less effective at restoring
                  | your health. [a cacodemon]
 85240 | Pan      | Found a transporter.
 85490 | Pan      | Found a transporter.
 86272 | Pan      | Entered the realm of Gloorx Vloq.
 86302 | Pan      | Reached skill level 27 in Unarmed Combat
 86379 | Pan      | Reached skill level 1 in Ice Magic
 86475 | Pan      | Noticed Gloorx Vloq
 86491 | Pan      | Killed Gloorx Vloq
 86613 | Pan      | Got a dark rune of Zot
 87024 | Pan      | Reached skill level 5 in Ice Magic
 87562 | Pan      | Found an exit through the horrors of the Abyss.
 88067 | Pan      | Noticed Tehere the pandemonium lord
 88073 | Pan      | Reached skill level 15 in Spellcasting
 88073 | Pan      | Killed Tehere the pandemonium lord
 88479 | Pan      | Noticed Pohuv Reege the pandemonium lord
 88493 | Pan      | Killed Pohuv Reege the pandemonium lord
 88695 | Pan      | Found an exit through the horrors of the Abyss.
 89259 | Pan      | Entered the realm of Mnoleg.
 89268 | Pan      | Reached skill level 27 in Shapeshifting
 89300 | Pan      | Gained mutation: Your system is resistant to poisons.
                  | (rPois) [a neqoxec]
 89351 | Pan      | Gained mutation: Your magical capacity is very low. (-20%
                  | MP) [a cacodemon]
 89353 | Pan      | Gained mutation: You sometimes lose your temper in combat.
                  | [a neqoxec]
 89439 | Pan      | Gained mutation: You are dopey. (Int -2) [a cacodemon]
 89507 | Pan      | Reached skill level 10 in Ice Magic
 89517 | Pan      | Noticed Mnoleg
 89554 | Pan      | Killed Mnoleg
 89645 | Pan      | Got a glowing rune of Zot
 89783 | Pan      | Entered the realm of Lom Lobon.
 89981 | Pan      | Learned a level 9 spell: Polar Vortex
 90002 | Pan      | Noticed Lom Lobon
 90022 | Pan      | Killed Lom Lobon
 90254 | Pan      | Got a magical rune of Zot
 90901 | Pan      | Noticed Libli the pandemonium lord
 90909 | Pan      | Killed Libli the pandemonium lord
 90987 | Pan      | Gained mutation: You are frail. (-10% HP) [a neqoxec]
 91037 | Pan      | Entered the realm of Cerebov.
 91140 | Pan      | Noticed Ignacio
 91149 | Pan      | Killed Ignacio
 91425 | Pan      | Identified the +5 quarterstaff of Eternity {freeze, rCorr}
 91513 | Pan      | Found the +6 sword of Cerebov {flame}
 91513 | Pan      | Noticed Cerebov
 91532 | Pan      | Gained mutation: You occasionally lose the ability to drink
                  | potions when taking damage. [you]
 91536 | Pan      | Killed Cerebov
 91543 | Pan      | Identified the +4 shortbow of Irritation {flame, Will+
                  | Str+2 Dex+2}
 91587 | Pan      | Got the Atlas of the Calorific Great Work
 91590 | Pan      | Identified the +1 helmet of Bursted Fun {rF- Int+3 Slay+3}
 91748 | Pan      | Got a fiery rune of Zot
 92047 | Pan      | Found an exit through the horrors of the Abyss.
 92059 | Pan      | Took an exit into the Abyss.
 92059 | Abyss:2  | Escaped into the Abyss
 92527 | Abyss:3  | Paralysed by accursed screaming for 1 turns
 92593 | Abyss:4  | Found a corrupted altar of Lugonu.
 92710 | Abyss:5  | Found a corrupted altar of Lugonu.
 92747 | Abyss:5  | Found a corrupted altar of Lugonu.
 92748 | Abyss:5  | Found a corrupted altar of Lugonu.
 92823 | Abyss:5  | Found a corrupted altar of Lugonu.
 92872 | Abyss:5  | Got an abyssal rune of Zot
 92879 | Abyss:5  | Reached skill level 15 in Ice Magic
 92883 | Depths:3 | Escaped the Abyss
 93107 | D:12     | Gained mutation: You occasionally lose the ability to read
                  | scrolls when taking damage. [mutagenic glow]
 93117 | D:12     | Gained mutation: Your magical capacity is extremely low.
                  | (-30% MP) [mutagenic glow]
 93220 | D:8      | Lost mutation: You sometimes lose your temper in combat.
                  | [potion of mutation]
 93220 | D:8      | Lost mutation: You have a pair of small horns on your head.
                  | [potion of mutation]
 93220 | D:8      | Lost mutation: You expend magic power (3 MP) to strengthen
                  | your wands. [potion of mutation]
 93221 | D:8      | Lost mutation: You passively map a small area around you.
                  | [potion of mutation]
 93221 | D:8      | Lost mutation: You are weak. (Str -2) [potion of mutation]
 93222 | D:8      | Lost mutation: You occasionally lose the ability to read
                  | scrolls when taking damage. [potion of mutation]
 93222 | D:8      | Lost mutation: Your system is resistant to poisons. (rPois)
                  | [potion of mutation]
 93222 | D:8      | Gained mutation: Your spells are a little harder to cast,
                  | but a little more powerful. [potion of mutation]
 93222 | D:8      | Lost mutation: You are dopey. (Int -2) [potion of mutation]
 93222 | D:8      | Gained mutation: You are somewhat resistant to further
                  | mutation. [potion of mutation]
 93223 | D:8      | Lost mutation: Potions are less effective at restoring your
                  | health. [potion of mutation]
 93223 | D:8      | Lost mutation: You occasionally lose the ability to drink
                  | potions when taking damage. [potion of mutation]
 93223 | D:8      | Lost mutation: You are frail. (-10% HP) [potion of
                  | mutation]
 93439 | Hell     | Entered the Vestibule of Hell
 93439 | Hell     | Noticed Geryon
 93453 | Hell     | Killed Geryon
 93607 | Hell     | Found a gateway to the decaying netherworld of Tartarus.
 93616 | Tar:1    | Entered Level 1 of Tartarus
 95672 | Tar:7    | Entered Level 7 of Tartarus
 96343 | Tar:7    | Noticed Ereshkigal
 97428 | Tar:7    | Killed Ereshkigal
 97573 | Tar:7    | Got a bone rune of Zot
 98357 | Hell     | Found a gateway to the ashen valley of Gehenna.
 98461 | Hell     | Found a gateway to the Iron City of Dis.
 98516 | Hell     | Found a gateway to the freezing wastes of Cocytus.
 98619 | Geh:1    | Entered Level 1 of Gehenna
 99795 | Geh:4    | Noticed an ancient lich
 99799 | Geh:4    | Killed an ancient lich
100572 | Geh:7    | Entered Level 7 of Gehenna
100956 | Geh:7    | Noticed the Serpent of Hell
100965 | Geh:7    | Killed the Serpent of Hell
101684 | Geh:7    | Found the +13 sceptre of Asmodeus
101684 | Geh:7    | Noticed Asmodeus
101695 | Geh:7    | Killed Asmodeus
101925 | Geh:7    | Got an obsidian rune of Zot
102243 | Geh:7    | Found the +8 autumn katana {manifold assault}
102503 | Geh:7    | Identified the amulet of Qili {-Tele rPois Regen+ Str-5
                  | Slay+5}
102509 | Geh:7    | Identified the +2 helmet of Restlessness {rPois Int+9}
102561 | Geh:7    | Identified the staff of the Fulmar {rPois Int+2 Dex+3 Conj
                  | Alchemy}
102570 | Geh:7    | Identified the staff of Qoanoroev {*Slow rF+ Str+3 Fire}
102942 | Coc:1    | Entered Level 1 of Cocytus
103774 | Coc:3    | Noticed a juggernaut
103774 | Coc:3    | Noticed a juggernaut
103895 | Coc:3    | Killed a juggernaut
103901 | Coc:3    | Killed a juggernaut
103905 | Coc:3    | Paralysed by a wendigo for 1 turns
104150 | Coc:3    | Paralysed by a wendigo for 1 turns
104161 | Coc:3    | Paralysed by a wendigo for 1 turns
105852 | Coc:6    | Noticed a dread lich
105858 | Coc:6    | Paralysed by a dread lich for 3 turns
105862 | Coc:6    | Killed a dread lich
105947 | Coc:7    | Entered Level 7 of Cocytus
106700 | Coc:7    | Paralysed by a wendigo for 1 turns
106878 | Coc:7    | Paralysed by a wendigo for 1 turns
107648 | Coc:7    | Identified the +0 robe of Wasted Space {Will+ Int+3
                  | Archmagi}
107897 | Coc:7    | Identified the +9 scimitar of Patterns {heavy, rPois Str-5
                  | Int-3 SInv}
107897 | Coc:7    | Noticed Antaeus
108309 | Coc:7    | Killed Antaeus
108582 | Coc:7    | Got an icy rune of Zot
108618 | Coc:7    | Identified the staff of Doom {rElec rPois Necro Alchemy}
108623 | Coc:7    | Identified the +7 hand axe of Iggihur {heavy, rCorr Str+6}
108794 | Dis:1    | Entered Level 1 of the Iron City of Dis
108824 | Dis:1    | You are sucked into a shaft and drop 1 floor!
109109 | Dis:1    | Reached skill level 27 in Fighting
109658 | Dis:3    | Learned a level 6 spell: Permafrost Eruption
109817 | Dis:3    | Reached skill level 1 in Earth Magic
110666 | Dis:7    | Entered Level 7 of the Iron City of Dis
111245 | Dis:7    | Noticed a juggernaut
111250 | Dis:7    | Reached skill level 5 in Earth Magic
111251 | Dis:7    | Killed a juggernaut
111820 | Dis:7    | Noticed a juggernaut
111826 | Dis:7    | Killed a juggernaut
112178 | Dis:7    | Identified the +8 sling of Chance {elec, +Blink Str+2}
112213 | Dis:7    | Reached skill level 27 in Ice Magic
112391 | Dis:7    | Identified the +2 pair of boots of the Secret Ships {Will-
                  | Str+3 Dex+4}
112646 | Dis:7    | Noticed Dispater
112665 | Dis:7    | Killed Dispater
112680 | Dis:7    | Noticed a juggernaut
112683 | Dis:7    | Killed a juggernaut
112775 | Dis:7    | Identified the +2 rapier of Prudence {elec, rC+ rCorr
                  | Stlth+}
112777 | Dis:7    | Identified the ring of Neppyor {Fly Dex+4}
112782 | Dis:7    | Got an iron rune of Zot
113344 | Tomb:1   | Entered Level 1 of the Tomb of the Ancients
113511 | Tomb:1   | Noticed a royal mummy
113518 | Tomb:1   | Killed a royal mummy
113541 | Tomb:2   | Noticed a royal mummy
113555 | Tomb:2   | Noticed a royal mummy
113556 | Tomb:2   | Noticed a royal mummy
113950 | Tomb:3   | Entered Level 3 of the Tomb of the Ancients
113964 | Tomb:3   | Reached skill level 10 in Earth Magic
113988 | Tomb:3   | Noticed a royal mummy
113990 | Tomb:3   | Noticed a royal mummy
113991 | Tomb:3   | Noticed a royal mummy
113994 | Tomb:3   | Killed a royal mummy
114001 | Tomb:3   | Noticed a royal mummy
114001 | Tomb:3   | Noticed a royal mummy
114004 | Tomb:3   | Noticed a royal mummy
114005 | Tomb:3   | Noticed a royal mummy
114006 | Tomb:3   | Noticed a royal mummy
114006 | Tomb:3   | Noticed a royal mummy
114012 | Tomb:3   | Killed a royal mummy
114014 | Tomb:3   | Killed a royal mummy
114017 | Tomb:3   | Got a golden rune of Zot
114032 | Tomb:3   | Found the +3 Mad Mage's Maulers {Infuse+∞ VampMP -Cast}
114787 | Tomb:2   | Noticed a royal mummy
115043 | Tomb:2   | Lost mutation: Your spells are a little harder to cast, but
                  | a little more powerful. [mutagenic glow]
115051 | Tomb:2   | Gained mutation: You are occasionally teleported next to
                  | monsters. [mutagenic glow]
115053 | Tomb:2   | Killed a royal mummy
115059 | Tomb:2   | Killed a royal mummy
115306 | Tomb:2   | Killed a royal mummy
115310 | Tomb:2   | Killed a royal mummy
115619 | Tomb:2   | Learned a level 9 spell: Shatter
116176 | Tomb:1   | Noticed a royal mummy
116176 | Tomb:1   | Noticed a royal mummy
116176 | Tomb:1   | Noticed a royal mummy
116180 | Tomb:1   | Reached skill level 27 in Invocations
116863 | Zot:5    | Got the Orb of Zot
117268 | Depths:1 | Gained mutation: You are clumsy. (Dex -2) [a neqoxec]
117289 | Depths:1 | Noticed Cass the pandemonium lord
117312 | Depths:1 | Killed Cass the pandemonium lord
117657 | D:4      | Noticed Molesed the pandemonium lord
117788 | D:$      | Escaped with the Orb!

Illustrated notes

Levels and vault maps discovered:
D:1:      kennysheep_arrival_forest, layout_basic, serial_bayou_pond_d
D:2:      layout_loops_cross, serial_shops, shop, minmay_tetromino_t4
D:3:      cheibrodos_helix_gallery, layout_loops_corners,
          ebering_ghost_inner_flame, item_on_display_a, uniq_natasha, uniq_ijyb
D:4:      layout_basic, mainiacjoe_overflow_large_starburst,
          minmay_temple_entry_proselytizer, minmay_misc_feat_secret_circle,
          minmay_misc_feat_square, nicolae_zen_rock_garden, uniq_eustachio
D:5:      layout_gridville, grunt_ministairs_1
D:6:      hangedman_cross_stitches, layout_cave_pools,
          serial_library_hellmonk_h_bend
D:7:      layout_cave_pods, gammafunk_ghost_grave
D:8:      layout_gridville, mainiacjoe_overflow_big_doors, zin_academy,
          gammafunk_ghost_arena, uniq_psyche
D:9:      minmay_the_grid_octo_tiled_octocenter
          [minmay_the_grid_octo_thin_diamonds, minmay_the_grid_octo_clover,
          minmay_the_grid_octo_concentric, minmay_the_grid_octo_odd_swirl,
          minmay_the_grid_octo_prize_big_c,
          minmay_the_grid_square_5x5_two_walls_b,
          minmay_the_grid_square_5x5_intrusive_squares,
          minmay_the_grid_square_5x5_spiral,
          minmay_the_grid_square_5x5_sharp_hourglass], layout_irregular_city,
          amcnicky_altar_gilded, serial_shops, shop, dreamdust_princess_bridge,
          uniq_maurice
D:10:     layout_loops_ring, elyvilon_altar_3, david_lair_shrubbed,
          grunt_ministairs_10, uniq_gastronok
D:11:     gammafunk_beogh_shrine, layout_gridville, orc_0_dummy,
          gammafunk_ghost_hive, hangedman_incinerator
D:12:     layout_roguey, ploomutoo_gammafunk_ghost_potion_laboratory,
          serial_shops, bzr_entry_gold, corexii_hall_statues_t, uniq_snorg
D:13:     regret_index_all_hallows'_manor, layout_grid_maze, david_vaults_4
D:14:     layout_irregular_city, minmay_misc_feat_roman, nzn_random_ring
D:15:     grunt_enter_depths_snipers, layout_loops_cross, serial_shops,
          nicolae_shop_tiny_statue_garden, minmay_misc_feat_columns,
          kennysheep_kite_vault, uniq_louise
Temple:   nicolae_temple_superstar
Lair:1:   layout_layer_cave, ebering_ghost_funeral_grove,
          nicolae_lair_lakeside_cave
Lair:2:   layout_chaotic_city, minmay_swamp_entry_eels,
          gammafunk_ghost_abyssal_escape, uniq_amaemon, uniq_urug
Lair:3:   layout_gridlike, spider_nest_entry_rubble,
          nicolae_quartered_pool_super
Lair:4:   beast_lair_carwin_large_3, layout_hall_layers, slime_entry_1,
          gauntlet_entry_generic, grunt_megastairs_4, uniq_rupert, uniq_kirke
Lair:5:   cheibrodos_lair_end_hotspot, layout_regular_city
Swamp:1:  layout_basic_swamp, nicolae_swamp_stuck_in_the_mud,
          infiniplex_staircase_pool
Swamp:2:  layout_falls_marsh, hellmonk_ghost_happy_afterlife,
          nicolae_swamp_treefoil, swamp_pool_4, nicolae_swamp_tree_isthmus
Swamp:3:  layout_basic_swamp, evilmike_swamp_ruin_rubble_2, swamp_pool_4,
          nicolae_swamp_wisp_ring_woods, uniq_nikola, uniq_bai_suzhen
Swamp:4:  swamp_alternative, layout_basic_swamp
Spider:1: layout_spider_delve, gammafunk_ghost_arena
Spider:2: layout_spider_delve, gammafunk_ghost_tricky_traps, drop_trap,
          hangedman_spider_tarantella_strand
Spider:3: nicolae_spider_hilbert_zone_2 [nicolae_spider_hilbert_4_sides_1_open,
          nicolae_spider_hilbert_4_sides_1_open,
          nicolae_spider_hilbert_4_sides_1_open,
          nicolae_spider_hilbert_4_sides_1_open,
          nicolae_spider_hilbert_6_sides_1_open,
          nicolae_spider_hilbert_6_sides_1_open,
          nicolae_spider_hilbert_3_sides_1_open,
          nicolae_spider_hilbert_3_sides_1_open,
          nicolae_spider_hilbert_3_sides_1_open,
          nicolae_spider_hilbert_3_sides_1_open,
          nicolae_spider_hilbert_6_sides_1_open,
          nicolae_spider_hilbert_6_sides_1_open,
          nicolae_spider_hilbert_6_sides_1_open,
          nicolae_spider_hilbert_6_sides_1_open], uniq_arachne
Spider:4: spider_rune_water
Slime:1:  layout_caves
Slime:2:  layout_caves
Slime:3:  layout_caves, cheibrodos_slime_lost_civilization_5
Slime:4:  layout_caves, nicolae_slime_crime_time
Slime:5:  slime_pit_nicolae_block_by_block
Orc:1:    cheibrodos_orc_bank, layout_caves, basic_altar,
          nicolae_orc_damp_corner
Orc:2:    st_orc_pillars, layout_caves
Elf:1:    dreamdust_wu_jian_sword_trials, layout_onion_city, serial_shops,
          nicolae_shop_waterfront, nicolae_shop_just_a_little_nook,
          nicolae_shop_real_fake_doors, nicolae_elf_blasts_and_bolts,
          uniq_azrael
Elf:2:    nicolae_elf_blades_splatter_lattice [mumra_blade_entry_bloodbath],
          layout_geoelf_octagon, special_room [special_room_orc], minivault_16,
          roderic_roman_lattice, minmay_misc_feat_ornament, minivault_27,
          dreamdust_princess_corridor
Elf:3:    minmay_elf_hall_statues, layout_geoelf_diagonals,
          hellmonk_ghost_big_iron, minivault_16
Vaults:1: kennysheep_ogre_elephant_herders, v_pattern_5,
          nicolae_vaults_trapezoid_lopsided_2, nicolae_vaults_puzzle_piece,
          nicolae_vaults_triangles, nicolae_vaults_closet_pinwheel_1,
          nicolae_vaults_yaktaur_gun_rack, nicolae_vaults_mini_display_case,
          nicolae_vaults_tetromino_T_2, layout_vaults_chaotic_city, uniq_aizul
Vaults:2: nicolae_vaults_alarming, blue_anna_dwarven_crypt,
          vaults_room_fancy_cross, nicolae_vaults_closet_pinwheel_1,
          nicolae_vaults_trapezoid_lopsided_3, v_misc_13, grunt_vaults_diagonal,
          vaults_dpeg_encased_lava, vaults_room_corners, layout_vaults_omnigrid,
          uniq_saint_roka
Vaults:3: gammafunk_ghost_crypt, nicolae_vaults_doubleplus_tesselated,
          nicolae_vaults_tetromino_Z_2, nicolae_vaults_trapezoid_lopsided_1,
          nicolae_vaults_offset_grid_hallway_1, nicolae_vaults_prndl,
          hangedman_vaults_variations, nicolae_vaults_storage_closets_2,
          v_misc_18, nicolae_vaults_apartment_1, nicolae_vaults_swerve,
          nicolae_vaults_wine_cellar, nicolae_vaults_double_plus_2,
          layout_vaults_big_cross, uniq_donald
Vaults:4: ontoclasm_vaults_spin, serial_library_hellmonk_reading_circle,
          nicolae_vaults_two_Ls, nicolae_vaults_tangent_ellipses,
          nicolae_vaults_trapezoid_1, dpeg_vaults_monster_row,
          nicolae_vaults_angled_halls, hangedman_vaults_impose,
          hangedman_vaults_cutoff, ontoclasm_vaults_ligature,
          hangedman_vaults_nails, layout_vaults_omnibox, serial_shops,
          bzr_entry_dummy, nicolae_shop_competitors_out_of_business
Vaults:5
Crypt:1:  layout_misc_corridors, basic_altar, grunt_crypt_arrival_guarded_gate
Crypt:2:  layout_chaotic_city, gammafunk_ghost_spectres
Crypt:3:  church_of_pain_bobbens, layout_chaotic_city
Tomb:1
Tomb:2
Tomb:3
Depths:1: layout_gridville, hellmouth_2, nicolae_ashenzari_panopticon,
          minmay_shop_grove, uniq_boris
Depths:2: evilmike_negative_zone, layout_cave_shapes, hell_entry,
          rand_demon_pan_entry_1, minmay_hedge_maze
Depths:3: lemuel_vampire_tower, layout_gridlike, pan_entry, abyss_entry_crystal,
          hangedman_tar_grid_catacomb, nicolae_houndstooth_variations
Depths:4: grunt_zot_entry_tricorne, layout_cave_pools, enter_ziggurat_f,
          hell_entry, infiniplex_enter_wizlab_spiral, pan_entry,
          statue_in_the_mist_lemuel, minmay_shop_star
Hell
Dis:1:    layout_gridville, minmay_strange_pillars, nrook_loot_triangle
Dis:2:    layout_subdivisions
Dis:3:    layout_regular_city, nicolae_dis_bowling_alley
Dis:4:    nicolae_dis_metal_hellway, layout_subdivisions
Dis:5:    layout_subdivisions
Dis:6:    layout_gridville
Dis:7:    dis_grunt_layers
Geh:1:    nicolae_hells_demon_pit, layout_gehenna_lava_caves
Geh:2:    layout_gehenna_pools_triple, lemuel_old_faithful
Geh:3:    layout_gehenna_pools_basic
Geh:4:    layout_gehenna_lava_caves
Geh:5:    layout_gehenna_lava_caves
Geh:6:    layout_gehenna_pools_basic
Geh:7:    evilmike_geh
Coc:1:    layout_cocytus_delve
Coc:2:    nicolae_hells_giants_party, layout_cocytus_delve
Coc:3:    layout_cocytus_delve, tekkud_coc_lazy_river
Coc:4:    layout_cocytus_water_paths
Coc:5:    layout_ice_bergs
Coc:6:    layout_ice_bergs
Coc:7:    coc_old
Tar:1:    layout_grid_maze
Tar:2:    layout_cathedral_of_symmetry, nicolae_tar_grid_combs
Tar:3:    layout_honeycomb
Tar:4:    layout_grid_maze
Tar:5:    layout_grid_maze, nicolae_tar_cuneiform_three,
          grunt_tartarus_stairs_gauntlet_trap
Tar:6:    layout_cathedral_of_symmetry
Tar:7:    tar_mu [tar_mu_maze]
Zot:1:    layout_cathedral_of_symmetry
Zot:2:    layout_misc_corridors, nicolae_rock_paper_scissors,
          regret_index_zotdec_banners, uniq_josephina, uniq_vv
Zot:3:    layout_onion, grunt_megastairs_2
Zot:4:    layout_basic, nicolae_tricolors
Zot:5:    layout_cellular_growth, gammafunk_ghost_necromancy, st_stairs_7,
          regret_index_zotdec_zees

Skill      XL: |  1  2  3  4  5  6  7  8  9 10 11 12 13 14 15 16 17 18 19 20 21 22 23 24 25 26 27 |
---------------+----------------------------------------------------------------------------------+-----
Dodging        | 2 3 4 5 6 7 8 9 10 12 14 15 16 17 18 19 25 | 25.5
Fighting       | 2 3 4 5 7 8 9 10 11 12 13 15 16 17 18 19 20 27 | 27.0
Shapeshifting  | 4 5 6 7 9 10 11 12 13 14 17 20 22 23 24 25 27 | 27.0
Unarmed Combat | 4 5 6 7 8 10 11 13 14 16 18 19 20 21 23 24 25 26 27 | 27.0
Evocations     | 2 4 5 |  5.0
Shields        | 2 4 7 16 | 16.0
Spellcasting   | 4 6 7 10 12 13 14 22 | 22.5
Hexes          | 4 6 7 9 10 11 12 15 | 15.5
Air Magic      | 4 |  4.0
Invocations    | 3 6 11 27 | 27.0
Ice Magic      | 27 | 27.0
Earth Magic    | 12 | 12.9

Action                     |  1- 3 |  4- 6 |  7- 9 | 10-12 | 13-15 | 16-18 | 19-21 | 22-24 | 25-27 || total
---------------------------+-------+-------+-------+-------+-------+-------+-------+-------+-------++-------
  Melee: Unarmed           |   131 |   114 |   409 |   709 |  1727 |  1167 |  1110 |  1036 |  4520 || 10923
         Tailslap          |    14 |    19 |    71 |   147 |   383 |   103 |    57 |       |       ||   794
         Punch             |     2 |     3 |    15 |       |     6 |    70 |   132 |   197 |   982 ||  1407
         Maw               |       |       |       |       |    32 |   206 |       |       |       ||   238
         Bite              |       |       |       |       |       |       |    49 |       |       ||    49
   Cast: Cause Fear        |       |       |       |       |       |       |       |     3 |     1 ||     4
         Silence           |       |       |       |       |       |       |       |     3 |    28 ||    31
         Polar Vortex      |       |       |       |       |       |       |       |       |    10 ||    10
         Enfeeble          |       |       |       |       |       |       |       |       |     9 ||     9
         Yara's Violent Un |       |       |       |       |       |       |       |       |     6 ||     6
         Permafrost Erupti |       |       |       |       |       |       |       |       |     5 ||     5
 Invoke: Call Merchant     |       |       |       |     1 |     2 |     4 |     1 |       |     3 ||    11
         Potion Petition   |       |       |       |       |     1 |       |     1 |       |       ||     2
         Cleansing Flame   |       |       |       |       |       |       |       |       |   120 ||   120
         Divine Shield     |       |       |       |       |       |       |       |       |    84 ||    84
         Bribe Branch      |       |       |       |       |       |       |       |       |     1 ||     1
         Summon Divine War |       |       |       |       |       |       |       |       |    25 ||    25
Ability: Glacial Breath    |       |       |     2 |    12 |     8 |     3 |     4 |       |       ||    29
         Evoke Blink       |       |       |       |       |       |     1 |       |       |       ||     1
         Blinkbolt         |       |       |       |       |       |     2 |     1 |     4 |    51 ||    58
         Begin Untransform |       |       |       |       |       |       |       |       |     1 ||     1
  Evoke: Wand              |       |       |     1 |    25 |    17 |     1 |       |       |       ||    44
         Box of beasts     |       |       |       |       |     1 |       |       |       |     1 ||     2
         Phantom mirror    |       |       |       |       |     1 |       |       |       |       ||     1
    Use: Scroll            |       |     6 |     8 |    13 |    18 |     6 |     3 |     6 |    36 ||    96
         Potion            |       |     1 |     2 |     3 |     8 |     8 |    10 |     4 |    34 ||    70
   Stab: Sleeping          |     1 |       |     1 |       |       |    15 |     8 |     2 |     1 ||    28
         Distracted        |       |       |     1 |     2 |     6 |    10 |    25 |    11 |     8 ||    63
         Petrified         |       |       |       |       |       |     4 |       |       |       ||     4
         Petrifying        |       |       |       |       |       |     3 |       |       |       ||     3
 Armour: Skin              |    66 |    84 |   311 |   389 |  1012 |   496 |   343 |   305 |  1309 ||  4315
  Dodge: Dodged            |    76 |    50 |   355 |   559 |  1726 |  1259 |  1018 |  1036 |  4302 || 10381
  Block: Buckler           |       |       |       |       |    11 |   150 |       |       |       ||   161
         Other             |       |       |       |       |       |       |       |       |   585 ||   585
   Form: Flux              |       |       |     1 |       |       |       |       |       |       ||     1
         Maw               |       |       |       |       |     1 |       |       |       |       ||     1
         Storm             |       |       |       |       |       |     1 |     1 |     1 |     1 ||     4
         Dragon            |       |       |       |       |       |       |     1 |       |       ||     1

Table legend: (Time is in decaauts)
 A = Elapsed time spent in this place.
 B = Non-inter-level travel time spent in this place.
 C = Inter-level travel time spent in this place.
 D = Time resting spent in this place.
 E = Time spent auto-exploring this place.
 F = Levels seen in this place.
 G = Mean time per level.
                   A        B        C        D        E       F      G
               +--------+--------+--------+--------+--------+-----+--------+
         Total | 114293 | 103783 |  10510 |  17285 |  64706 | 114 | 1002.6 |
       Dungeon |  23675 |  19523 |   4152 |   2097 |  13423 |  15 | 1578.3 |
        Temple |    117 |     21 |     96 |      0 |      0 |   1 |  117.0 |
          Lair |   7857 |   7041 |    816 |    486 |   4936 |   5 | 1571.4 |
         Swamp |   6072 |   5902 |    170 |   2567 |   2515 |   4 | 1518.0 |
   Spider Nest |   4909 |   4728 |    181 |    300 |   3546 |   4 | 1227.2 |
    Slime Pits |   3213 |   2995 |    218 |    456 |   2023 |   5 |  642.6 |
  Orcish Mines |   3177 |   2835 |    342 |    443 |   1602 |   2 | 1588.5 |
   Elven Halls |   4743 |   4551 |    192 |    410 |   3164 |   3 | 1581.0 |
        Vaults |   9871 |   8736 |   1135 |   1293 |   5859 |   5 | 1974.2 |
         Crypt |   2921 |   2566 |    355 |    203 |   1785 |   3 |  973.7 |
          Tomb |   2837 |   2657 |    180 |   1745 |    120 |   3 |  945.7 |
        Depths |   6274 |   5336 |    938 |    287 |   3900 |   4 | 1568.5 |
          Hell |   2056 |   1922 |    134 |   1474 |    305 |   1 | 2056.0 |
           Dis |   3993 |   3895 |     98 |    552 |   2731 |   7 |  570.4 |
       Gehenna |   4108 |   3904 |    204 |    704 |   2513 |   7 |  586.9 |
       Cocytus |   4139 |   3675 |    464 |   1387 |   1529 |   7 |  591.3 |
      Tartarus |   4469 |   4141 |    328 |    729 |   2783 |   7 |  638.4 |
           Zot |   5774 |   5276 |    498 |    682 |   3531 |   5 | 1154.8 |
         Abyss |   1470 |   1470 |      0 |    210 |    561 |   6 |  245.0 |
   Pandemonium |  11358 |  11358 |      0 |   1168 |   7341 |  16 |  709.9 |
        Bazaar |    405 |    405 |      0 |     76 |    172 |   2 |  202.5 |
        Wizlab |    429 |    429 |      0 |      0 |    331 |   1 |  429.0 |
      Gauntlet |    418 |    418 |      0 |     13 |     32 |   1 |  418.0 |
               +--------+--------+--------+--------+--------+-----+--------+

Top non-repeatable levels by time:
   Tar:7: 2533 daAuts
Vaults:4: 2507 daAuts
  Tomb:2: 2478 daAuts
    D:13: 2378 daAuts
Vaults:1: 2314 daAuts
   Geh:7: 2244 daAuts
   Coc:7: 2228 daAuts
   Dis:7: 2221 daAuts
    D:11: 2120 daAuts
    Hell: 2056 daAuts
    D:15: 1989 daAuts
  Lair:1: 1973 daAuts
     D:8: 1959 daAuts
     D:9: 1923 daAuts
Vaults:2: 1866 daAuts
